Workbook

Sheet Cover
C11: ALLEGATO A) REVISIONE PERIODICA DELLE SOCIETA' PARTECIPATE AI SENSI DELL'ART. 20 DEL D.LGS. N. 175/2016

Sheet INDICE
D4: INDICE
B6: 01. | D6: SCHEDA ANAGRAFICA
B7: 02. | D7: RICOGNIZIONE DELLE SOCIETÀ PARTECIPATE
C8: 02.01. | D8: Ricognizione delle società a partecipazione diretta
C9: 02.02. | D9: Ricognizione delle società a partecipazione indiretta
C10: 02.03. | D10: Grafico delle relazioni tra partecipazioni
B11: 03. | D11: REQUISITI TESTO UNICO DELLE SOCIETÀ A PARTECIPAZIONE PUBBLICA (T.U.S.P.)
C12: 03.01. | D12: Finalità perseguite e attività ammesse (articoli 4 e 26)
C13: 03.02. | D13: Condizioni art. 20 co. 2
B14: 04. | D14: MANTENIMENTO SENZA INTERVENTI DI RAZIONALIZZAZIONE
B15: 05. | D15: AZIONI DI RAZIONALIZZAZIONE
C16: 05.01. | D16: Contenimento costi
C17: 05.02. | D17: Cessione/Alienazione quote
C18: 05.03. | D18: Liquidazione
C19: 05.04. | D19: Fusione/Incorporazione
C20: 05.05. | D20: Riepilogo
B21: 06. | D21: ELENCO MOTIVAZIONI

Sheet 01_Scheda_anagrafica
C2: LINEE GUIDA PER LE RICOGNIZIONI E I PIANI DI RAZIONALIZZAZIONE DEGLI ORGANISMI PARTECIPATI DAGLI ENTI TERRITORIALI (ART. 24 D.LGS. N. 175/2016)
B6: 01. SCHEDA ANAGRAFICA
C8: Tipologia Ente: | D8: Comune
C10: Denominazione Ente: | D10: PIEMONTE | J10: Impostare elenco enti
C12: Codice fiscale dell'Ente: | D12: 1299070019 | J12: Impostare elenco codici fiscali
C14: L'ente ha già adottato il piano operativo di razionalizzazione ai sensi dell'art. 1 co. 612, l. n. 190/2014 | G14: SI
C18: Dati del referente/responsabile per la compilazione del piano | F18: RESPONSABILE SETTORE AFFARI GENERALI
C20: Nome: | F20: Cognome:
C21: STEFANIA | F21: GUIFFRE
C23: Recapiti:
C24: Indirizzo:
C25: PIAZZA LEUMANN 1
C26: Telefono: | F26: Fax:
C27: 0119670205
C28: Posta elettronica:
C29: guiffre@comune.pianezza.to.it
J38: Regione | K38: Codice fiscale
J40: Ente | K40: Codice fiscale
J41: ABRUZZO | K41: 80003170661
J42: BASILICATA | K42: 80002950766
J43: CALABRIA | K43: 02205340793
J44: CAMPANIA
J45: EMILIA-ROMAGNA
J46: FRIULI-VENEZIA GIULIA | K46: 80014930327
J47: LAZIO | K47: 80143490581
J48: LIGURIA | K48: 00849050109
J49: LOMBARDIA | K49: 80050050154
J50: MARCHE | K50: 80008630420
J51: MOLISE | K51: 00169440708
J52: PIEMONTE | K52: 80087670016
J53: PROVINCIA AUTONOMA DI BOLZANO | K53: 00390090215
J54: PROVINCIA AUTONOMA DI TRENTO | K54: 00337460224
J55: PUGLIA | K55: 80017210727
J56: SARDEGNA | K56: 80002870923
J57: SICILIA | K57: 80012000826
J58: TOSCANA | K58: 01386030488
J59: TRENTINO ALTO-ADIGE | K59: 80003690221
J60: UMBRIA | K60: 80000130544
J61: VALLE D'AOSTA
J62: VENETO | K62: 80007580279
K69: Regione/Provincia autonoma
K70: Provincia/Città metropolitana
K71: Comune

Sheet 02.01_Ricognizione_Dirette
B1: 02. RICOGNIZIONE DELLE SOCIETÀ PARTECIPATE
B3: 02.01. Ricognizione delle società a partecipazione diretta
B4: Progressivo | C4: Codice fiscale società | D4: Denominazione società | E4: Anno di costituzione | F4: % Quota di partecipazione | G4: Attività svolta | H4: Partecipazione di controllo | I4: Società in house | J4: Quotata (ai sensi del d.lgs. n. 175/2016) | K4: Holding pura
B5: A | C5: B | D5: C | E5: D | F5: E | G5: F | H5: G | I5: H | J5: I | K5: J
B6: 1 | C6: 07937540016 | D6: SOCIETA' METROPOLITANA ACQUE TORINO S.P.A. | E6: 2000 | F6: 0.00021 | G6: SERVIZIO IDRICO INTEGRATO/GESTIONE DEPURATORE | H6: NO | I6: SI | J6: SI | K6: NO
B7: 2 | C7: 08239700019 | D7: ZONA OVEST TORINO S.R.L. | E7: 2001 | F7: 4.98 | G7: LA SOCIETÀ HA PER OGGETTO LO SVOLGIMENTO DI ATTIVITÀ VOLTE IN PARTICOLARE ALLA PROMOZIONE ED ALLO SVILUPPO SOCIALE, ECONOMICO ED INFRASTRUTTURALE DELLA ZONA OVEST DI TORINO, ATTRAVERSO LA REALIZZAZIONE DI PROGETTI SERVIZI DI INTERESSE GENERALE ED INIZIATIVE DI FINANZIAMENTO PUBBLICO E PRIVATO, NONCHÉ ULTERIORI ACCORDI DI PROGRAMMAZIONE NEGOZIATA E DI PARTENARIATO PUBBLICO-PRIVATO. | H7: NO | I7: SI | J7: NO | K7: NO
B8: 3 | C8: 08683840014 | D8: CIDIU S.P.A. | E8: 2003 | F8: 1.827 | G8: GESTIONE RIFIUTI SOLIDI URBANI, DALLA RACCOLTA ALLO SMALTIMENTO, NETTEZZA URBANA PER IL TRAMITE DI CIDIU SERVIZI, SERVIZIO IDRICO INTEGRATO ANCHE TRAMITE PARTECIPAZIONI. INTERVENTI DI BNIFICA E RIPRISTINO AMBIENTALI DI SITI INQUINATI. AUTOTRASPORTO DI COSE PER CONTO TERZI CON MEZZI D QUALUQUE PESO E PORTATA. | H8: NO | I8: NO | J8: NO | K8: NO
B10: Le società a partecipazione diretta (quotate e non quotate) sono sempre oggetto di ricognizione, anche se non controllate dall'ente.
B11: Colonna B: Inserire codice di 11 cifre per le società aventi sede in Italia; codice di 11 cifre seguito da "E" per le società aventi sede all'estero.
B12: Colonna C: Inserire la ragione sociale comprensiva della forma giuridica.
B13: Colonna E: Inserire valori comprensivi di decimali.
B14: Colonna F: Inserire una descrizione sintetica della/e attività effettivamente svolta/e.
B15: Colonna G: Indicare se la partecipazione detenuta dall'amministrazione è di controllo ai sensi dell'art. 2359 c.c.
B16: Colonna H: Indicare "SI" se l'Amministrazione esercita il controllo analogo o più Amministrazioni esercitano il controllo analogo congiunto.
B17: Colonna I: Indicare "SI" se la società emette azioni quotate in mercati regolamentati; se ha emesso, al 31/12/2015, strumenti finanziari quotati in mercati regolamentati;
B18: se sia partecipata da società quotate o che hanno emesso strumenti finanziari quotati.
B19: Colonna J: Indicare "SI" se la società ha come oggetto sociale esclusivo la gestione delle partecipazioni societarie per conto dell'Amministrazione.
L57: SI | M57: 2017
L58: NO | M58: =+M57-1 -> 2016
M59: =+M58-1 -> 2015
M60: =+M59-1 -> 2014
M61: =+M60-1 -> 2013
M62: =+M61-1 -> 2012
M63: =+M62-1 -> 2011
M64: =+M63-1 -> 2010
M65: =+M64-1 -> 2009
M66: =+M65-1 -> 2008
M67: =+M66-1 -> 2007
M68: =+M67-1 -> 2006
M69: =+M68-1 -> 2005
M70: =+M69-1 -> 2004
... M226: =+M225-1 -> 1848

Sheet 02.02_Ricognizione_Indirette
B1: 02. RICOGNIZIONE DELLE SOCIETÀ PARTECIPATE
B2: 02.02. Ricognizione delle società a partecipazione indiretta
B4: Progressivo | C4: Codice fiscale società | D4: Denominazione società | E4: Anno di costituzione | F4: Denominazione società/organismo tramite | G4: % Quota di partecipazione società/organismo tramite | H4: % Quota di partecipazione indiretta Amministrazione | I4: Attività svolta | J4: Partecipazione di controllo | K4: Società in house | L4: Quotata (ai sensi del d.lgs. n. 175/2016) | M4: Holding pura
B5: A | C5: B | D5: C | E5: D | F5: E | G5: F | H5: G | I5: H | J5: I | K5: J | L5: K | M5: L
B6: 1 | C6: 060877720014 | D6: RISORSE IDRICHE S.P.A. | E6: 1991 | F6: SOCIETA' METROPOLITANA ACQUE TORINO S.P.A. | G6: 0.00021 | H6: 0.00019 | I6: ENGINEERING | J6: NO | K6: SI
B7: 2 | C7: 09909860018 | D7: AIDA AMBIENTE S.R.L. | E7: 2008 | F7: SOCIETA' METROPOLITANA ACQUE TORINO S.P.A. | G7: 0.00021 | H7: 0.00011 | I7: SERVIZIO IDRICO INTEGRATO/GESTIONE DEPURATORE | J7: NO | K7: SI
B8: 3 | C8: 08448160013 | D8: NORD OVEST SERVIZI S.P.A. | E8: 2002 | F8: SOCIETA' METROPOLITANA ACQUE TORINO S.P.A. | G8: 0.00021 | H8: 2e-05 | I8: HOLDING | J8: NO | K8: NO
B9: 4 | C9: 02778560041 | D9: MONDO ACQUA S.P.A. | E9: 2000 | F9: SOCIETA' METROPOLITANA ACQUE TORINO S.P.A. | G9: 0.00021 | H9: 1e-05 | I9: SERVIZIO IDRICO INTEGRATO | J9: NO | K9: NO
B10: 5 | C10: 07154400019 | D10: ENVIRONMENT PARK S.P.A. | E10: 1997 | F10: SOCIETA' METROPOLITANA ACQUE TORINO S.P.A. | G10: 0.00021 | H10: 7.1e-06 | I10: ATTIVITA' STRUMENTALI RELATIVE AL SERVIZIO IDRICO INTEGRATO (ATTIVITA' DI RICERCA FINALIZZATA ALLO SVILUPPO SOSTENIBILE) | J10: NO | K10: NO
B11: 6 | C11: 01985420023 | D11: S.I.I S.P.A. | E11: 2000 | F11: SOCIETA' METROPOLITANA ACQUE TORINO S.P.A. | G11: 0.00021 | H11: 4e-05 | I11: SERVIZIO IDRICO INTEGRATO | J11: NO | K11: NO
B12: 7 | C12: 11575990012 | D12: UTILITY ALLIANCE DEL PIEMONTE | E12: 2016 | F12: SOCIETA' METROPOLITANA ACQUE TORINO S.P.A. | G12: 0.00021 | H12: 1.5e-05 | I12: SERVIZIO IDRICO INTEGRATO | J12: NO | K12: NO
B13: 8 | C13: 06756810013 | D13: CIDIU SERVIZI S.P.A. | E13: 1994 | F13: CIDIU S.P.A. | G13: 1.827 | H13: 1.827 | I13: SERVIZI DI IGIENE AMBIENTALE: RACCOLTA TRASPORTO SMALTIMENTO RIFIUTI E NETTEZZA URBANA | J13: NO | K13: SI
B14: 9 | C14: 07937540016 | D14: SOCIETA' METROPOLITANA ACQUE TORINO S.P.A. | E14: 2000 | F14: CIDIU S.P.A. | G14: 1.827 | H14: 0.19 | I14: SERVIZIO IDRICO INTEGRATO/GESTIONE DEPURATORE | J14: NO | K14: SI
B16: Le società a partecipazione indiretta (quotate e non quotate) sono oggetto di ricognizione solo se detenute dall’ente per il tramite di una società/organismo sottoposto a controllo da parte dello stesso.
B17: Colonna B: Inserire codice di 11 cifre per le società aventi sede in Italia; codice di 11 cifre seguito da "E" per le società aventi sede all'estero.
B18: Colonna C: Inserire la ragione sociale comprensiva della forma giuridica.
B19: Colonna E: Inserire la denominazione delle società/organismi (1 o +) attraverso le quali l'ente partecipa alle medesime. Per le indirette di livello successivo, inserire la denominazione delle società/organismi
B20: partecipanti (1 o +) del livello immediatamente precedente.
B21: Colonna F: indicare separatamente ciascuna quota di partecipazione (comprensiva di decimali) qualora la partecipazione sia detenuta attraverso 2 o + società/organismi tramite.
B22: Colonna G: indicare una unica quota di partecipazione (comprensiva di decimali) determinata in proporzione alla quote di partecipazione dei livelli precedenti.
B23: Colonna H: Inserire una descrizione sintetica della/e attività effettivamente svolta/e.
B24: Colonna I: Indicare se la partecipazione detenuta dall'amministrazione è di controllo ai sensi dell'art. 2359 c.c.
B25: Colonna J: Indicare "SI" se l'Amministrazione esercita il controllo analogo o più Amministrazioni esercitano il controllo analogo congiunto.
B26: Colonna K: Indicare "SI" se la società emette azioni quotate in mercati regolamentati; se ha emesso, al 31/12/2015, strumenti finanziari quotati in mercati regolamentati;
B27: se sia partecipata da società quotate o che hanno emesso strumenti finanziari quotati.
B28: Colonna L: Indicare "SI" se la società ha come oggetto sociale esclusivo la gestione delle partecipazioni societarie per conto dell'Amministrazione.
L75: SI | M75: 2017
L76: NO | M76: =+M75-1 -> 2016
M77: =+M76-1 -> 2015
M78: =+M77-1 -> 2014
M79: =+M78-1 -> 2013
M80: =+M79-1 -> 2012
M81: =+M80-1 -> 2011
M82: =+M81-1 -> 2010
M83: =+M82-1 -> 2009
M84: =+M83-1 -> 2008
M85: =+M84-1 -> 2007
M86: =+M85-1 -> 2006
M87: =+M86-1 -> 2005
M88: =+M87-1 -> 2004
... M244: =+M243-1 -> 1848

Sheet 03.01_Finalità_Attività_smat
B2: 03. REQUISITI TESTO UNICO DELLE SOCIETÀ A PARTECIPAZIONE PUBBLICA
B3: 03.01. Finalità perseguite e attività ammesse (articoli 4 e 26)
D5: Progressivo società partecipata: | E5: Dir_1 | G5: (a)
D7: Denominazione società partecipata: | E7: SOCIETA' METROPOLITANA ACQUE TORINO S.P.A. | G7: (b)
D9: Tipo partecipazione: | E9: sia diretta che indiretta | G9: (c)
D11: Attività svolta: | E11: SERVIZIO IDRICO INTEGRATO/GESTIONE DEPURATORE | G11: (d)
B13: indicare se la società:
A14: - | B14: Rientra nell'Allegato "A" del d.lgs. n. 175/2016 (art. 26, co. 2)
A16: - | B16: Ha come oggetto esclusivo la gestione di fondi europei per conto dello Stato o delle Regioni, ovvero la realizzazione di progetti di ricerca finanziati dalle istituzioni dell'Unione Europea (art. 26, co. 2)
A18: - | B18: È stata esclusa, con deliberazione adottata ai sensi dell'art. 4 co. 9, secondo periodo, dall'applicazione totale o parziale delle disposizioni del medesimo articolo (solo per le società partecipate dalle Regioni/Prov. Aut.)
A20: - | B20: È destinataria dei provvedimenti di cui al d.lgs. n. 159/2011 (art. 26, co. 12-bis)
A22: - | B22: È autorizzata alla gestione delle case da gioco, ai sensi della legislazione vigente (art. 26, co. 12-sexies)
B24: Qualora non sia stata selezionata alcuna delle opzioni indicate ai punti precedenti, indicare se la società:
A25: - | B25: È costituita in attuazione dell'art. 34 del regolamento CE n. 13/2013 - Gruppi d'Azione Locale (art. 4, co. 6)
A27: - | B27: Ha per oggetto sociale prevalente la gestione di spazi fieristici e l'organizzazione di eventi fieristici (art. 4, co. 7)
A29: - | B29: Ha per oggetto sociale prevalente la realizzazione e la gestione di impianti di trasporto a fune per la mobilità turistico-sportiva in aree montane (art. 4, co. 7)
A31: - | B31: Ha per oggetto sociale prevalente la produzione di energia da fonti rinnovabili (art. 4, co. 7)
A33: - | B33: Ha caratteristiche di spin off o di start up universitario, o analoghe a quelle degli enti di ricerca, ovvero gestisce aziende agricole con funzioni didattiche (art. 4, co. 8)
A35: - | B35: Produce un servizio di interesse generale a rete (di cui all'art. 3-bis del d.l. 138/2011) fuori dall'ambito territoriale di riferimento, con affidamento dei servizi, in corso e nuovi, tramite procedure ad evidenza pubblica (art. 4, co. 9-bis)
A37: - | B37: Produce beni e servizi strettamente necessari per il perseguimento delle finalità istituzionali dell'ente (art. 4, co. 1)
A39: - | B39: Produce un servizio di interesse generale (art. 4, co. 2, lett. a)
A41: - | B41: Progetta e realizza un'opera pubblica sulla base di un accordo di programma fra amministrazioni pubbliche (art. 4, co. 2, lett. b)
A43: - | B43: Realizza e gestisce un'opera pubblica ovvero organizza e gestisce un servizio di interesse generale attraverso un contratto di partenariato pubblico/privato (art. 4, co. 2, lett. c)
A45: - | B45: Produce beni o servizi strumentali all'ente o agli enti pubblici partecipanti o alla svolgimento delle loro funzioni(art. 4, co. 2, lett. d)
A47: - | B47: Svolge servizi di committenza (art. 4, co. 2, lett. e)
A49: - | B49: Valorizza il patrimonio immobiliare dell'amministrazione partecipante (art. 4, co. 3)
B51: Indicare le motivazioni della riconducibilità o meno ai vincoli di scopo di cui al co. 1 o ad una delle attività di cui ai commi 2 e 3, anche con riferimento alle società che svolgono le attività di cui ai commi 6, 7, 8:
B52: PRODUZIONE DI UN SERVIZIO DI INTERESSE GENERALE (SERVIZIO IDRICO INTEGRATO), IVI INCLUSA LA REALIZZAZIONE E LA GESTIONE DELLE RETI E DEGLI IMPIANTI FUNZIONALI AL SERVIZIO MEDESIMO SULLA BASE DI UN AMBITO TERRITORIALE OTTIMALE (ATO 3 "TORINESE") DEFINITO DALLA REGIONE PIEMONTE (CON LE LEGGI REGIONALI N. 13/97 E 7/2012), AI SENSI DI QUANTO DISPOSTO DALL'ART. 147 DEL D.LGS. 152/2006 E S.M.I.. LA SOCIETÀ OPERA CON UN AFFIDAMENTO "IN HOUSE PROVIDING" E PERTANTO REALIZZA OLTE L'80% DELLE ATTIVITÀ A FAVORE DEI 292 COMUNI SOCI. L'AFFIDAMENTO HA VALIDITÀ FINO AL 31.12.2033
B54: (a): Inserire uno dei progressivi già indicati nelle schede di ricognizione (02.01; 02.02).
B55: (b): Inserire la ragione sociale come indicata nelle schede di ricognizione (02.01; 02.02).
B56: (c): Indicare il tipo di partecipazione distinguendo i casi in cui la società sia partecipata direttamente, indirettamente (tramite altra società/organismo),
B57: ovvero in parte direttamente e in parte indirettamente.
B58: (d): Inserire l'attività come indicata nelle schede di ricognizione (02.01; 02.02).

Sheet 03.01_Finalità_Attività_ris idr
B2: 03. REQUISITI TESTO UNICO DELLE SOCIETÀ A PARTECIPAZIONE PUBBLICA
B3: 03.01. Finalità perseguite e attività ammesse (articoli 4 e 26)
D5: Progressivo società partecipata: | E5: Ind_1 | G5: (a)
D7: Denominazione società partecipata: | E7: RISORSE IDRICHE S.P.A. | G7: (b)
D9: Tipo partecipazione: | E9: Indiretta | G9: (c)
D11: Attività svolta: | E11: ENGINEERING | G11: (d)
B13: indicare se la società:
A14: - | B14: Rientra nell'Allegato "A" del d.lgs. n. 175/2016 (art. 26, co. 2)
A16: - | B16: Ha come oggetto esclusivo la gestione di fondi europei per conto dello Stato o delle Regioni, ovvero la realizzazione di progetti di ricerca finanziati dalle istituzioni dell'Unione Europea (art. 26, co. 2)
A18: - | B18: È stata esclusa, con deliberazione adottata ai sensi dell'art. 4 co. 9, secondo periodo, dall'applicazione totale o parziale delle disposizioni del medesimo articolo (solo per le società partecipate dalle Regioni/Prov. Aut.)
A20: - | B20: È destinataria dei provvedimenti di cui al d.lgs. n. 159/2011 (art. 26, co. 12-bis)
A22: - | B22: È autorizzata alla gestione delle case da gioco, ai sensi della legislazione vigente (art. 26, co. 12-sexies)
B24: Qualora non sia stata selezionata alcuna delle opzioni indicate ai punti precedenti, indicare se la società:
A25: - | B25: È costituita in attuazione dell'art. 34 del regolamento CE n. 13/2013 - Gruppi d'Azione Locale (art. 4, co. 6)
A27: - | B27: Ha per oggetto sociale prevalente la gestione di spazi fieristici e l'organizzazione di eventi fieristici (art. 4, co. 7)
A29: - | B29: Ha per oggetto sociale prevalente la realizzazione e la gestione di impianti di trasporto a fune per la mobilità turistico-sportiva in aree montane (art. 4, co. 7)
A31: - | B31: Ha per oggetto sociale prevalente la produzione di energia da fonti rinnovabili (art. 4, co. 7)
A33: - | B33: Ha caratteristiche di spin off o di start up universitario, o analoghe a quelle degli enti di ricerca, ovvero gestisce aziende agricole con funzioni didattiche (art. 4, co. 8)
A35: - | B35: Produce un servizio di interesse generale a rete (di cui all'art. 3-bis del d.l. 138/2011) fuori dall'ambito territoriale di riferimento, con affidamento dei servizi, in corso e nuovi, tramite procedure ad evidenza pubblica (art. 4, co. 9-bis)
A37: - | B37: Produce beni e servizi strettamente necessari per il perseguimento delle finalità istituzionali dell'ente (art. 4, co. 1)
A39: - | B39: Produce un servizio di interesse generale (art. 4, co. 2, lett. a)
A41: - | B41: Progetta e realizza un'opera pubblica sulla base di un accordo di programma fra amministrazioni pubbliche (art. 4, co. 2, lett. b)
A43: - | B43: Realizza e gestisce un'opera pubblica ovvero organizza e gestisce un servizio di interesse generale attraverso un contratto di partenariato pubblico/privato (art. 4, co. 2, lett. c)
A45: - | B45: Produce beni o servizi strumentali all'ente o agli enti pubblici partecipanti o alla svolgimento delle loro funzioni(art. 4, co. 2, lett. d)
A47: - | B47: Svolge servizi di committenza (art. 4, co. 2, lett. e)
A49: - | B49: Valorizza il patrimonio immobiliare dell'amministrazione partecipante (art. 4, co. 3)
B51: Indicare le motivazioni della riconducibilità o meno ai vincoli di scopo di cui al co. 1 o ad una delle attività di cui ai commi 2 e 3, anche con riferimento alle società che svolgono le attività di cui ai commi 6, 7, 8:
B52: PRODUZIONE DI UN SERVIZIO DI ENGENEERING PER UN SERVIZIO DI INTERESSE GENERALE (SERVIZIO IDRICO INTEGRATO), IVI INCLUSA LA REALIZZAZIONE E LA GESTIONE DELLE RETI E DEGLI IMPIANTI FUNZIONALI AL SERVIZIO MEDESIMO SULLA BASE DI UN AMBITO TERRITORIALE OTTIMALE (ATO 3 "TORINESE") DEFINITO DALLA REGIONE PIEMONTE (CON LE LEGGI REGIONALI N. 13/97 E 7/2012), AI SENSI DI QUANTO DISPOSTO DALL'ART. 147 DEL D.LGS. 152/2006 E S.M.I.. IL SERVIZIO E' AFFIDATO DALLA CAPOGRUPPO SMAT AL FINE DI MASSIMIZZARE LA SISTEMATICITA', LA QUALITA', L'EFFICIENZA ORGANIZZATIVA, LA FLESSIBILITA' E LA STANDARDIZZAZIONE PROGETTUALE DELLO SVILUPPO TECNOLOGICO DEL SII CON PARTICOLARE RIFERIMENTO ALL'INFRASTRUTTURAZIONE IDRICA TERRITORIALE CONNESSA CON IL PIANO D'AMBITO
B54: (a): Inserire uno dei progressivi già indicati nelle schede di ricognizione (02.01; 02.02).
B55: (b): Inserire la ragione sociale come indicata nelle schede di ricognizione (02.01; 02.02).
B56: (c): Indicare il tipo di partecipazione distinguendo i casi in cui la società sia partecipata direttamente, indirettamente (tramite altra società/organismo),
B57: ovvero in parte direttamente e in parte indirettamente.
B58: (d): Inserire l'attività come indicata nelle schede di ricognizione (02.01; 02.02).

Sheet 03.01_Finalità_Attività AIDA
B2: 03. REQUISITI TESTO UNICO DELLE SOCIETÀ A PARTECIPAZIONE PUBBLICA
B3: 03.01. Finalità perseguite e attività ammesse (articoli 4 e 26)
D5: Progressivo società partecipata: | E5: Ind_2 | G5: (a)
D7: Denominazione società partecipata: | E7: AIDA AMBIENTE S.R.L. | G7: (b)
D9: Tipo partecipazione: | E9: Indiretta | G9: (c)
D11: Attività svolta: | E11: SERVIZIO IDRICO INTEGRATO/GESTIONE DEPURATORE | G11: (d)
B13: indicare se la società:
A14: - | B14: Rientra nell'Allegato "A" del d.lgs. n. 175/2016 (art. 26, co. 2)
A16: - | B16: Ha come oggetto esclusivo la gestione di fondi europei per conto dello Stato o delle Regioni, ovvero la realizzazione di progetti di ricerca finanziati dalle istituzioni dell'Unione Europea (art. 26, co. 2)
A18: - | B18: È stata esclusa, con deliberazione adottata ai sensi dell'art. 4 co. 9, secondo periodo, dall'applicazione totale o parziale delle disposizioni del medesimo articolo (solo per le società partecipate dalle Regioni/Prov. Aut.)
A20: - | B20: È destinataria dei provvedimenti di cui al d.lgs. n. 159/2011 (art. 26, co. 12-bis)
A22: - | B22: È autorizzata alla gestione delle case da gioco, ai sensi della legislazione vigente (art. 26, co. 12-sexies)
B24: Qualora non sia stata selezionata alcuna delle opzioni indicate ai punti precedenti, indicare se la società:
A25: - | B25: È costituita in attuazione dell'art. 34 del regolamento CE n. 13/2013 - Gruppi d'Azione Locale (art. 4, co. 6)
A27: - | B27: Ha per oggetto sociale prevalente la gestione di spazi fieristici e l'organizzazione di eventi fieristici (art. 4, co. 7)
A29: - | B29: Ha per oggetto sociale prevalente la realizzazione e la gestione di impianti di trasporto a fune per la mobilità turistico-sportiva in aree montane (art. 4, co. 7)
A31: - | B31: Ha per oggetto sociale prevalente la produzione di energia da fonti rinnovabili (art. 4, co. 7)
A33: - | B33: Ha caratteristiche di spin off o di start up universitario, o analoghe a quelle degli enti di ricerca, ovvero gestisce aziende agricole con funzioni didattiche (art. 4, co. 8)
A35: - | B35: Produce un servizio di interesse generale a rete (di cui all'art. 3-bis del d.l. 138/2011) fuori dall'ambito territoriale di riferimento, con affidamento dei servizi, in corso e nuovi, tramite procedure ad evidenza pubblica (art. 4, co. 9-bis)
A37: - | B37: Produce beni e servizi strettamente necessari per il perseguimento delle finalità istituzionali dell'ente (art. 4, co. 1)
A39: - | B39: Produce un servizio di interesse generale (art. 4, co. 2, lett. a)
A41: - | B41: Progetta e realizza un'opera pubblica sulla base di un accordo di programma fra amministrazioni pubbliche (art. 4, co. 2, lett. b)
A43: - | B43: Realizza e gestisce un'opera pubblica ovvero organizza e gestisce un servizio di interesse generale attraverso un contratto di partenariato pubblico/privato (art. 4, co. 2, lett. c)
A45: - | B45: Produce beni o servizi strumentali all'ente o agli enti pubblici partecipanti o alla svolgimento delle loro funzioni(art. 4, co. 2, lett. d)
A47: - | B47: Svolge servizi di committenza (art. 4, co. 2, lett. e)
A49: - | B49: Valorizza il patrimonio immobiliare dell'amministrazione partecipante (art. 4, co. 3)
B51: Indicare le motivazioni della riconducibilità o meno ai vincoli di scopo di cui al co. 1 o ad una delle attività di cui ai commi 2 e 3, anche con riferimento alle società che svolgono le attività di cui ai commi 6, 7, 8:
B52: PRODUCE, CON LA PARTECIPAZIONE DI SMAT , IL SERVIZIO DI GESTIONE DEL DEPURATORE DI PIANEZZA, CHE COSTITUISCE UN SEGMENTO DEL CICLO IDRICO INTEGRATO GESTITO DALLA CAPOGRUPPO QUALE GESTORE UNICO AMBIENTALE NONCHE' LA GESTIONE DI RIFIUTI LIQUIDI QUALI DEFINITI DALLE VIGENTI NORME. IL SERVIZIO STRUMENTALE DELLA GESTIONE DELL'IMPIANTO DI DEPURAZIONE E' AFFIDATO AL FINE DI MASSIMIZZARE LA SISTEMATICITA' E L'UNITARIETA' DEL SII
B54: (a): Inserire uno dei progressivi già indicati nelle schede di ricognizione (02.01; 02.02).
B55: (b): Inserire la ragione sociale come indicata nelle schede di ricognizione (02.01; 02.02).
B56: (c): Indicare il tipo di partecipazione distinguendo i casi in cui la società sia partecipata direttamente, indirettamente (tramite altra società/organismo),
B57: ovvero in parte direttamente e in parte indirettamente.
B58: (d): Inserire l'attività come indicata nelle schede di ricognizione (02.01; 02.02).

Sheet 03.01_Finalità_AttivitàNOVS
B2: 03. REQUISITI TESTO UNICO DELLE SOCIETÀ A PARTECIPAZIONE PUBBLICA
B3: 03.01. Finalità perseguite e attività ammesse (articoli 4 e 26)
D5: Progressivo società partecipata: | E5: Ind_3 | G5: (a)
D7: Denominazione società partecipata: | E7: NORDOVEST SERVIZI S.P.A. | G7: (b)
D9: Tipo partecipazione: | E9: Indiretta | G9: (c)
D11: Attività svolta: | E11: HOLDING | G11: (d)
B13: indicare se la società:
A14: - | B14: Rientra nell'Allegato "A" del d.lgs. n. 175/2016 (art. 26, co. 2)
A16: - | B16: Ha come oggetto esclusivo la gestione di fondi europei per conto dello Stato o delle Regioni, ovvero la realizzazione di progetti di ricerca finanziati dalle istituzioni dell'Unione Europea (art. 26, co. 2)
A18: - | B18: È stata esclusa, con deliberazione adottata ai sensi dell'art. 4 co. 9, secondo periodo, dall'applicazione totale o parziale delle disposizioni del medesimo articolo (solo per le società partecipate dalle Regioni/Prov. Aut.)
A20: - | B20: È destinataria dei provvedimenti di cui al d.lgs. n. 159/2011 (art. 26, co. 12-bis)
A22: - | B22: È autorizzata alla gestione delle case da gioco, ai sensi della legislazione vigente (art. 26, co. 12-sexies)
B24: Qualora non sia stata selezionata alcuna delle opzioni indicate ai punti precedenti, indicare se la società:
A25: - | B25: È costituita in attuazione dell'art. 34 del regolamento CE n. 13/2013 - Gruppi d'Azione Locale (art. 4, co. 6)
A27: - | B27: Ha per oggetto sociale prevalente la gestione di spazi fieristici e l'organizzazione di eventi fieristici (art. 4, co. 7)
A29: - | B29: Ha per oggetto sociale prevalente la realizzazione e la gestione di impianti di trasporto a fune per la mobilità turistico-sportiva in aree montane (art. 4, co. 7)
A31: - | B31: Ha per oggetto sociale prevalente la produzione di energia da fonti rinnovabili (art. 4, co. 7)
A33: - | B33: Ha caratteristiche di spin off o di start up universitario, o analoghe a quelle degli enti di ricerca, ovvero gestisce aziende agricole con funzioni didattiche (art. 4, co. 8)
A35: - | B35: Produce un servizio di interesse generale a rete (di cui all'art. 3-bis del d.l. 138/2011) fuori dall'ambito territoriale di riferimento, con affidamento dei servizi, in corso e nuovi, tramite procedure ad evidenza pubblica (art. 4, co. 9-bis)
A37: - | B37: Produce beni e servizi strettamente necessari per il perseguimento delle finalità istituzionali dell'ente (art. 4, co. 1)
A39: - | B39: Produce un servizio di interesse generale (art. 4, co. 2, lett. a)
A41: - | B41: Progetta e realizza un'opera pubblica sulla base di un accordo di programma fra amministrazioni pubbliche (art. 4, co. 2, lett. b)
A43: - | B43: Realizza e gestisce un'opera pubblica ovvero organizza e gestisce un servizio di interesse generale attraverso un contratto di partenariato pubblico/privato (art. 4, co. 2, lett. c)
A45: - | B45: Produce beni o servizi strumentali all'ente o agli enti pubblici partecipanti o alla svolgimento delle loro funzioni(art. 4, co. 2, lett. d)
A47: - | B47: Svolge servizi di committenza (art. 4, co. 2, lett. e)
A49: - | B49: Valorizza il patrimonio immobiliare dell'amministrazione partecipante (art. 4, co. 3)
B51: Indicare le motivazioni della riconducibilità o meno ai vincoli di scopo di cui al co. 1 o ad una delle attività di cui ai commi 2 e 3, anche con riferimento alle società che svolgono le attività di cui ai commi 6, 7, 8:
B52: LA SOCIETA' GESTISCE LA PARTECIPAZIONE DEL 45% DETERNUTA NELLA "ASTI SERVIZI PUBBLICI S.P.A." ACQUISITA A SEGUITO DI GARA AD EVIDENZA PUBBLICA DALL'ASSOCIAZIONE TEMPORANEA D'IMPRESE COSTITUITA DAGLI STESSI SOCI DI NORD OVEST SERVIZI.
B54: (a): Inserire uno dei progressivi già indicati nelle schede di ricognizione (02.01; 02.02).
B55: (b): Inserire la ragione sociale come indicata nelle schede di ricognizione (02.01; 02.02).
B56: (c): Indicare il tipo di partecipazione distinguendo i casi in cui la società sia partecipata direttamente, indirettamente (tramite altra società/organismo),
B57: ovvero in parte direttamente e in parte indirettamente.
B58: (d): Inserire l'attività come indicata nelle schede di ricognizione (02.01; 02.02).

Sheet 03.01_Finalità_AttivitàMACQ
B2: 03. REQUISITI TESTO UNICO DELLE SOCIETÀ A PARTECIPAZIONE PUBBLICA
B3: 03.01. Finalità perseguite e attività ammesse (articoli 4 e 26)
D5: Progressivo società partecipata: | E5: Ind_4 | G5: (a)
D7: Denominazione società partecipata: | E7: MONDO ACQUA S.P.A. | G7: (b)
D9: Tipo partecipazione: | E9: Indiretta | G9: (c)
D11: Attività svolta: | E11: SERVIZIO IDRICO INTEGRATO | G11: (d)
B13: indicare se la società:
A14: - | B14: Rientra nell'Allegato "A" del d.lgs. n. 175/2016 (art. 26, co. 2)
A16: - | B16: Ha come oggetto esclusivo la gestione di fondi europei per conto dello Stato o delle Regioni, ovvero la realizzazione di progetti di ricerca finanziati dalle istituzioni dell'Unione Europea (art. 26, co. 2)
A18: - | B18: È stata esclusa, con deliberazione adottata ai sensi dell'art. 4 co. 9, secondo periodo, dall'applicazione totale o parziale delle disposizioni del medesimo articolo (solo per le società partecipate dalle Regioni/Prov. Aut.)
A20: - | B20: È destinataria dei provvedimenti di cui al d.lgs. n. 159/2011 (art. 26, co. 12-bis)
A22: - | B22: È autorizzata alla gestione delle case da gioco, ai sensi della legislazione vigente (art. 26, co. 12-sexies)
B24: Qualora non sia stata selezionata alcuna delle opzioni indicate ai punti precedenti, indicare se la società:
A25: - | B25: È costituita in attuazione dell'art. 34 del regolamento CE n. 13/2013 - Gruppi d'Azione Locale (art. 4, co. 6)
A27: - | B27: Ha per oggetto sociale prevalente la gestione di spazi fieristici e l'organizzazione di eventi fieristici (art. 4, co. 7)
A29: - | B29: Ha per oggetto sociale prevalente la realizzazione e la gestione di impianti di trasporto a fune per la mobilità turistico-sportiva in aree montane (art. 4, co. 7)
A31: - | B31: Ha per oggetto sociale prevalente la produzione di energia da fonti rinnovabili (art. 4, co. 7)
A33: - | B33: Ha caratteristiche di spin off o di start up universitario, o analoghe a quelle degli enti di ricerca, ovvero gestisce aziende agricole con funzioni didattiche (art. 4, co. 8)
A35: - | B35: Produce un servizio di interesse generale a rete (di cui all'art. 3-bis del d.l. 138/2011) fuori dall'ambito territoriale di riferimento, con affidamento dei servizi, in corso e nuovi, tramite procedure ad evidenza pubblica (art. 4, co. 9-bis)
A37: - | B37: Produce beni e servizi strettamente necessari per il perseguimento delle finalità istituzionali dell'ente (art. 4, co. 1)
A39: - | B39: Produce un servizio di interesse generale (art. 4, co. 2, lett. a)
A41: - | B41: Progetta e realizza un'opera pubblica sulla base di un accordo di programma fra amministrazioni pubbliche (art. 4, co. 2, lett. b)
A43: - | B43: Realizza e gestisce un'opera pubblica ovvero organizza e gestisce un servizio di interesse generale attraverso un contratto di partenariato pubblico/privato (art. 4, co. 2, lett. c)
A45: - | B45: Produce beni o servizi strumentali all'ente o agli enti pubblici partecipanti o alla svolgimento delle loro funzioni(art. 4, co. 2, lett. d)
A47: - | B47: Svolge servizi di committenza (art. 4, co. 2, lett. e)
A49: - | B49: Valorizza il patrimonio immobiliare dell'amministrazione partecipante (art. 4, co. 3)
B51: Indicare le motivazioni della riconducibilità o meno ai vincoli di scopo di cui al co. 1 o ad una delle attività di cui ai commi 2 e 3, anche con riferimento alle società che svolgono le attività di cui ai commi 6, 7, 8:
B52: PRODUCE, CON LA PARTECIPAZIONE DI SMAT , UN SERVIZIO DI INTERESSE GENERALE (SERVIZIO IDRICO INTEGRATO)IVI INCLUSA LA GESTIONE E LA REALIZZAZIONE DELLE RETI E DEGLI IMPIANTI FUNZIONALI AL SERVIZIO MEDESIMO SULLA BASE DELL'AMBITO TERRITORIALE OTTIMALE ATO4 DEFINITO DALLA REGIONE PIEMONTE (CON LE LEGGI REGIONALI N. 13/97 E 7/2012), AI SENSI DI QUANTO DISPOSTO DALL'ART. 147 DEL D.LGS. 152/2006 E S.M.I.
B54: (a): Inserire uno dei progressivi già indicati nelle schede di ricognizione (02.01; 02.02).
B55: (b): Inserire la ragione sociale come indicata nelle schede di ricognizione (02.01; 02.02).
B56: (c): Indicare il tipo di partecipazione distinguendo i casi in cui la società sia partecipata direttamente, indirettamente (tramite altra società/organismo),
B57: ovvero in parte direttamente e in parte indirettamente.
B58: (d): Inserire l'attività come indicata nelle schede di ricognizione (02.01; 02.02).

Sheet 03.01_Finalità_Attività_ENVI
B2: 03. REQUISITI TESTO UNICO DELLE SOCIETÀ A PARTECIPAZIONE PUBBLICA
B3: 03.01. Finalità perseguite e attività ammesse (articoli 4 e 26)
D5: Progressivo società partecipata: | E5: Ind_5 | G5: (a)
D7: Denominazione società partecipata: | E7: ENVIRONMENT PARK S.P.A. | G7: (b)
D9: Tipo partecipazione: | E9: Indiretta | G9: (c)
D11: Attività svolta: | E11: ATTIVITA' STRUMENTALI RELATIVE AL SERVIZIO IDRICO INTEGRATO (ATTIVITA' DI RICERCA FINALIZZATA ALLO SVILUPPO SOSTENIBILE) | G11: (d)
B13: indicare se la società:
A14: - | B14: Rientra nell'Allegato "A" del d.lgs. n. 175/2016 (art. 26, co. 2)
A16: - | B16: Ha come oggetto esclusivo la gestione di fondi europei per conto dello Stato o delle Regioni, ovvero la realizzazione di progetti di ricerca finanziati dalle istituzioni dell'Unione Europea (art. 26, co. 2)
A18: - | B18: È stata esclusa, con deliberazione adottata ai sensi dell'art. 4 co. 9, secondo periodo, dall'applicazione totale o parziale delle disposizioni del medesimo articolo (solo per le società partecipate dalle Regioni/Prov. Aut.)
A20: - | B20: È destinataria dei provvedimenti di cui al d.lgs. n. 159/2011 (art. 26, co. 12-bis)
A22: - | B22: È autorizzata alla gestione delle case da gioco, ai sensi della legislazione vigente (art. 26, co. 12-sexies)
B24: Qualora non sia stata selezionata alcuna delle opzioni indicate ai punti precedenti, indicare se la società:
A25: - | B25: È costituita in attuazione dell'art. 34 del regolamento CE n. 13/2013 - Gruppi d'Azione Locale (art. 4, co. 6)
A27: - | B27: Ha per oggetto sociale prevalente la gestione di spazi fieristici e l'organizzazione di eventi fieristici (art. 4, co. 7)
A29: - | B29: Ha per oggetto sociale prevalente la realizzazione e la gestione di impianti di trasporto a fune per la mobilità turistico-sportiva in aree montane (art. 4, co. 7)
A31: - | B31: Ha per oggetto sociale prevalente la produzione di energia da fonti rinnovabili (art. 4, co. 7)
A33: - | B33: Ha caratteristiche di spin off o di start up universitario, o analoghe a quelle degli enti di ricerca, ovvero gestisce aziende agricole con funzioni didattiche (art. 4, co. 8)
A35: - | B35: Produce un servizio di interesse generale a rete (di cui all'art. 3-bis del d.l. 138/2011) fuori dall'ambito territoriale di riferimento, con affidamento dei servizi, in corso e nuovi, tramite procedure ad evidenza pubblica (art. 4, co. 9-bis)
A37: - | B37: Produce beni e servizi strettamente necessari per il perseguimento delle finalità istituzionali dell'ente (art. 4, co. 1)
A39: - | B39: Produce un servizio di interesse generale (art. 4, co. 2, lett. a)
A41: - | B41: Progetta e realizza un'opera pubblica sulla base di un accordo di programma fra amministrazioni pubbliche (art. 4, co. 2, lett. b)
A43: - | B43: Realizza e gestisce un'opera pubblica ovvero organizza e gestisce un servizio di interesse generale attraverso un contratto di partenariato pubblico/privato (art. 4, co. 2, lett. c)
A45: - | B45: Produce beni o servizi strumentali all'ente o agli enti pubblici partecipanti o alla svolgimento delle loro funzioni(art. 4, co. 2, lett. d)
A47: - | B47: Svolge servizi di committenza (art. 4, co. 2, lett. e)
A49: - | B49: Valorizza il patrimonio immobiliare dell'amministrazione partecipante (art. 4, co. 3)
B51: Indicare le motivazioni della riconducibilità o meno ai vincoli di scopo di cui al co. 1 o ad una delle attività di cui ai commi 2 e 3, anche con riferimento alle società che svolgono le attività di cui ai commi 6, 7, 8:
B52: PRODUCE, CON LA PARTECIPAZIONE DI SMAT , ATTIVITA' STRUMENTALI AVENTI PER OGGETTO LA GESTIONE DEL PARCO TECNOLOGICO AMBIENTALE DEPUTATO ALLA RICERCA FINALIZZATA ALLO SVILUPPO SOSTENIBILE
B54: (a): Inserire uno dei progressivi già indicati nelle schede di ricognizione (02.01; 02.02).
B55: (b): Inserire la ragione sociale come indicata nelle schede di ricognizione (02.01; 02.02).
B56: (c): Indicare il tipo di partecipazione distinguendo i casi in cui la società sia partecipata direttamente, indirettamente (tramite altra società/organismo),
B57: ovvero in parte direttamente e in parte indirettamente.
B58: (d): Inserire l'attività come indicata nelle schede di ricognizione (02.01; 02.02).

Sheet 03.01_Finalità_Attività SII
B2: 03. REQUISITI TESTO UNICO DELLE SOCIETÀ A PARTECIPAZIONE PUBBLICA
B3: 03.01. Finalità perseguite e attività ammesse (articoli 4 e 26)
D5: Progressivo società partecipata: | E5: Ind_6 | G5: (a)
D7: Denominazione società partecipata: | E7: SII S.P.A. | G7: (b)
D9: Tipo partecipazione: | E9: Indiretta | G9: (c)
D11: Attività svolta: | E11: SERVIZIO IDRICO INTEGRATO | G11: (d)
B13: indicare se la società:
A14: - | B14: Rientra nell'Allegato "A" del d.lgs. n. 175/2016 (art. 26, co. 2)
A16: - | B16: Ha come oggetto esclusivo la gestione di fondi europei per conto dello Stato o delle Regioni, ovvero la realizzazione di progetti di ricerca finanziati dalle istituzioni dell'Unione Europea (art. 26, co. 2)
A18: - | B18: È stata esclusa, con deliberazione adottata ai sensi dell'art. 4 co. 9, secondo periodo, dall'applicazione totale o parziale delle disposizioni del medesimo articolo (solo per le società partecipate dalle Regioni/Prov. Aut.)
A20: - | B20: È destinataria dei provvedimenti di cui al d.lgs. n. 159/2011 (art. 26, co. 12-bis)
A22: - | B22: È autorizzata alla gestione delle case da gioco, ai sensi della legislazione vigente (art. 26, co. 12-sexies)
B24: Qualora non sia stata selezionata alcuna delle opzioni indicate ai punti precedenti, indicare se la società:
A25: - | B25: È costituita in attuazione dell'art. 34 del regolamento CE n. 13/2013 - Gruppi d'Azione Locale (art. 4, co. 6)
A27: - | B27: Ha per oggetto sociale prevalente la gestione di spazi fieristici e l'organizzazione di eventi fieristici (art. 4, co. 7)
A29: - | B29: Ha per oggetto sociale prevalente la realizzazione e la gestione di impianti di trasporto a fune per la mobilità turistico-sportiva in aree montane (art. 4, co. 7)
A31: - | B31: Ha per oggetto sociale prevalente la produzione di energia da fonti rinnovabili (art. 4, co. 7)
A33: - | B33: Ha caratteristiche di spin off o di start up universitario, o analoghe a quelle degli enti di ricerca, ovvero gestisce aziende agricole con funzioni didattiche (art. 4, co. 8)
A35: - | B35: Produce un servizio di interesse generale a rete (di cui all'art. 3-bis del d.l. 138/2011) fuori dall'ambito territoriale di riferimento, con affidamento dei servizi, in corso e nuovi, tramite procedure ad evidenza pubblica (art. 4, co. 9-bis)
A37: - | B37: Produce beni e servizi strettamente necessari per il perseguimento delle finalità istituzionali dell'ente (art. 4, co. 1)
A39: - | B39: Produce un servizio di interesse generale (art. 4, co. 2, lett. a)
A41: - | B41: Progetta e realizza un'opera pubblica sulla base di un accordo di programma fra amministrazioni pubbliche (art. 4, co. 2, lett. b)
A43: - | B43: Realizza e gestisce un'opera pubblica ovvero organizza e gestisce un servizio di interesse generale attraverso un contratto di partenariato pubblico/privato (art. 4, co. 2, lett. c)
A45: - | B45: Produce beni o servizi strumentali all'ente o agli enti pubblici partecipanti o alla svolgimento delle loro funzioni(art. 4, co. 2, lett. d)
A47: - | B47: Svolge servizi di committenza (art. 4, co. 2, lett. e)
A49: - | B49: Valorizza il patrimonio immobiliare dell'amministrazione partecipante (art. 4, co. 3)
B51: Indicare le motivazioni della riconducibilità o meno ai vincoli di scopo di cui al co. 1 o ad una delle attività di cui ai commi 2 e 3, anche con riferimento alle società che svolgono le attività di cui ai commi 6, 7, 8:
B52: PRODUCE, CON LA PARTECIPAZIONE DI SMAT , UN SERVIZIO DI INTERESSE GENERALE (SERVIZIO IDRICO INTEGRATO)IVI INCLUSA LA GESTIONE E LA REALIZZAZIONE DELLE RETI E DEGLI IMPIANTI FUNZIONALI AL SERVIZIO MEDESIMO SULLA BASE DELL'AMBITO TERRITORIALE OTTIMALE ATO2 DEFINITO DALLA REGIONE PIEMONTE (CON LE LEGGI REGIONALI N. 13/97 E 7/2012), AI SENSI DI QUANTO DISPOSTO DALL'ART. 147 DEL D.LGS. 152/2006 E S.M.I.
B54: (a): Inserire uno dei progressivi già indicati nelle schede di ricognizione (02.01; 02.02).
B55: (b): Inserire la ragione sociale come indicata nelle schede di ricognizione (02.01; 02.02).
B56: (c): Indicare il tipo di partecipazione distinguendo i casi in cui la società sia partecipata direttamente, indirettamente (tramite altra società/organismo),
B57: ovvero in parte direttamente e in parte indirettamente.
B58: (d): Inserire l'attività come indicata nelle schede di ricognizione (02.01; 02.02).

Sheet 03.01_Finalità_Attività Utility
B2: 03. REQUISITI TESTO UNICO DELLE SOCIETÀ A PARTECIPAZIONE PUBBLICA
B3: 03.01. Finalità perseguite e attività ammesse (articoli 4 e 26)
D5: Progressivo società partecipata: | E5: Ind_7 | G5: (a)
D7: Denominazione società partecipata: | E7: UTILITY ALLIANCE DEL PIEMONTE (RETE DI IMPRESE) | G7: (b)
D9: Tipo partecipazione: | E9: Indiretta | G9: (c)
D11: Attività svolta: | E11: SERVIZIO IDRICO INTEGRATO | G11: (d)
B13: indicare se la società:
A14: - | B14: Rientra nell'Allegato "A" del d.lgs. n. 175/2016 (art. 26, co. 2)
A16: - | B16: Ha come oggetto esclusivo la gestione di fondi europei per conto dello Stato o delle Regioni, ovvero la realizzazione di progetti di ricerca finanziati dalle istituzioni dell'Unione Europea (art. 26, co. 2)
A18: - | B18: È stata esclusa, con deliberazione adottata ai sensi dell'art. 4 co. 9, secondo periodo, dall'applicazione totale o parziale delle disposizioni del medesimo articolo (solo per le società partecipate dalle Regioni/Prov. Aut.)
A20: - | B20: È destinataria dei provvedimenti di cui al d.lgs. n. 159/2011 (art. 26, co. 12-bis)
A22: - | B22: È autorizzata alla gestione delle case da gioco, ai sensi della legislazione vigente (art. 26, co. 12-sexies)
B24: Qualora non sia stata selezionata alcuna delle opzioni indicate ai punti precedenti, indicare se la società:
A25: - | B25: È costituita in attuazione dell'art. 34 del regolamento CE n. 13/2013 - Gruppi d'Azione Locale (art. 4, co. 6)
A27: - | B27: Ha per oggetto sociale prevalente la gestione di spazi fieristici e l'organizzazione di eventi fieristici (art. 4, co. 7)
A29: - | B29: Ha per oggetto sociale prevalente la realizzazione e la gestione di impianti di trasporto a fune per la mobilità turistico-sportiva in aree montane (art. 4, co. 7)
A31: - | B31: Ha per oggetto sociale prevalente la produzione di energia da fonti rinnovabili (art. 4, co. 7)
A33: - | B33: Ha caratteristiche di spin off o di start up universitario, o analoghe a quelle degli enti di ricerca, ovvero gestisce aziende agricole con funzioni didattiche (art. 4, co. 8)
A35: - | B35: Produce un servizio di interesse generale a rete (di cui all'art. 3-bis del d.l. 138/2011) fuori dall'ambito territoriale di riferimento, con affidamento dei servizi, in corso e nuovi, tramite procedure ad evidenza pubblica (art. 4, co. 9-bis)
A37: - | B37: Produce beni e servizi strettamente necessari per il perseguimento delle finalità istituzionali dell'ente (art. 4, co. 1)
A39: - | B39: Produce un servizio di interesse generale (art. 4, co. 2, lett. a)
A41: - | B41: Progetta e realizza un'opera pubblica sulla base di un accordo di programma fra amministrazioni pubbliche (art. 4, co. 2, lett. b)
A43: - | B43: Realizza e gestisce un'opera pubblica ovvero organizza e gestisce un servizio di interesse generale attraverso un contratto di partenariato pubblico/privato (art. 4, co. 2, lett. c)
A45: - | B45: Produce beni o servizi strumentali all'ente o agli enti pubblici partecipanti o alla svolgimento delle loro funzioni(art. 4, co. 2, lett. d)
A47: - | B47: Svolge servizi di committenza (art. 4, co. 2, lett. e)
A49: - | B49: Valorizza il patrimonio immobiliare dell'amministrazione partecipante (art. 4, co. 3)
B51: Indicare le motivazioni della riconducibilità o meno ai vincoli di scopo di cui al co. 1 o ad una delle attività di cui ai commi 2 e 3, anche con riferimento alle società che svolgono le attività di cui ai commi 6, 7, 8:
B54: (a): Inserire uno dei progressivi già indicati nelle schede di ricognizione (02.01; 02.02).
B55: (b): Inserire la ragione sociale come indicata nelle schede di ricognizione (02.01; 02.02).
B56: (c): Indicare il tipo di partecipazione distinguendo i casi in cui la società sia partecipata direttamente, indirettamente (tramite altra società/organismo),
B57: ovvero in parte direttamente e in parte indirettamente.
B58: (d): Inserire l'attività come indicata nelle schede di ricognizione (02.01; 02.02).

Sheet 03.01_Finalità_Attività_zona
B2: 03. REQUISITI TESTO UNICO DELLE SOCIETÀ A PARTECIPAZIONE PUBBLICA
B3: 03.01. Finalità perseguite e attività ammesse (articoli 4 e 26)
D5: Progressivo società partecipata: | E5: Dir_2 | G5: (a)
D7: Denominazione società partecipata: | E7: ZONA OVEST TORINO S.R.L. | G7: (b)
D9: Tipo partecipazione: | E9: Diretta | G9: (c)
D11: Attività svolta: | E11: LA SOCIETÀ HA PER OGGETTO LO SVOLGIMENTO DI ATTIVITÀ VOLTE IN PARTICOLARE ALLA PROMOZIONE ED ALLO SVILUPPO SOCIALE, ECONOMICO ED INFRASTRUTTURALE DELLA ZONA OVEST DI TORINO, ATTRAVERSO LA REALIZZAZIONE DI PROGETTI SERVIZI DI INTERESSE GENERALE ED INIZIATIVE DI FINANZIAMENTO PUBBLICO E PRIVATO, NONCHÉ ULTERIORI ACCORDI DI PROGRAMMAZIONE NEGOZIATA E DI PARTENARIATO PUBBLICO-PRIVATO. | G11: (d)
B13: indicare se la società:
A14: - | B14: Rientra nell'Allegato "A" del d.lgs. n. 175/2016 (art. 26, co. 2)
A16: - | B16: Ha come oggetto esclusivo la gestione di fondi europei per conto dello Stato o delle Regioni, ovvero la realizzazione di progetti di ricerca finanziati dalle istituzioni dell'Unione Europea (art. 26, co. 2)
A18: - | B18: È stata esclusa, con deliberazione adottata ai sensi dell'art. 4 co. 9, secondo periodo, dall'applicazione totale o parziale delle disposizioni del medesimo articolo (solo per le società partecipate dalle Regioni/Prov. Aut.)
A20: - | B20: È destinataria dei provvedimenti di cui al d.lgs. n. 159/2011 (art. 26, co. 12-bis)
A22: - | B22: È autorizzata alla gestione delle case da gioco, ai sensi della legislazione vigente (art. 26, co. 12-sexies)
B24: Qualora non sia stata selezionata alcuna delle opzioni indicate ai punti precedenti, indicare se la società:
A25: - | B25: È costituita in attuazione dell'art. 34 del regolamento CE n. 13/2013 - Gruppi d'Azione Locale (art. 4, co. 6)
A27: - | B27: Ha per oggetto sociale prevalente la gestione di spazi fieristici e l'organizzazione di eventi fieristici (art. 4, co. 7)
A29: - | B29: Ha per oggetto sociale prevalente la realizzazione e la gestione di impianti di trasporto a fune per la mobilità turistico-sportiva in aree montane (art. 4, co. 7)
A31: - | B31: Ha per oggetto sociale prevalente la produzione di energia da fonti rinnovabili (art. 4, co. 7)
A33: - | B33: Ha caratteristiche di spin off o di start up universitario, o analoghe a quelle degli enti di ricerca, ovvero gestisce aziende agricole con funzioni didattiche (art. 4, co. 8)
A35: - | B35: Produce un servizio di interesse generale a rete (di cui all'art. 3-bis del d.l. 138/2011) fuori dall'ambito territoriale di riferimento, con affidamento dei servizi, in corso e nuovi, tramite procedure ad evidenza pubblica (art. 4, co. 9-bis)
A37: - | B37: Produce beni e servizi strettamente necessari per il perseguimento delle finalità istituzionali dell'ente (art. 4, co. 1)
A39: - | B39: Produce un servizio di interesse generale (art. 4, co. 2, lett. a)
A41: - | B41: Progetta e realizza un'opera pubblica sulla base di un accordo di programma fra amministrazioni pubbliche (art. 4, co. 2, lett. b)
A43: - | B43: Realizza e gestisce un'opera pubblica ovvero organizza e gestisce un servizio di interesse generale attraverso un contratto di partenariato pubblico/privato (art. 4, co. 2, lett. c)
A45: - | B45: Produce beni o servizi strumentali all'ente o agli enti pubblici partecipanti o alla svolgimento delle loro funzioni(art. 4, co. 2, lett. d)
A47: - | B47: Svolge servizi di committenza (art. 4, co. 2, lett. e)
A49: - | B49: Valorizza il patrimonio immobiliare dell'amministrazione partecipante (art. 4, co. 3)
B51: Indicare le motivazioni della riconducibilità o meno ai vincoli di scopo di cui al co. 1 o ad una delle attività di cui ai commi 2 e 3, anche con riferimento alle società che svolgono le attività di cui ai commi 6, 7, 8:
B52: Zona Ovest di Torino srl è una società costituita per il coordinamento e l’attuazione dei patti territoriali, il mantenimento della partecipazione fino al completamento dei relativi progetti è esplicitamente richiesto dall’articolo 26, comma 7, del d.lgs. n. 175/2016. In qualità di soggetto responsabile dei patti territoriali della Zona Ovest di Torino, approvati: Con decreto ministeriale n. 2496 del 23 aprile 2001 e n. 2478 del 12 aprile 2001, ha compiti istituzionali assegnati dalla legge (natura di “Soggetto Responsabile dei patti territoriali” ex D.M. n. 320/2000); è indispensabile al Comune, rispetto agli obiettivi e ai mezzi, per realizzare il programma del patto territoriale
B54: (a): Inserire uno dei progressivi già indicati nelle schede di ricognizione (02.01; 02.02).
B55: (b): Inserire la ragione sociale come indicata nelle schede di ricognizione (02.01; 02.02).
B56: (c): Indicare il tipo di partecipazione distinguendo i casi in cui la società sia partecipata direttamente, indirettamente (tramite altra società/organismo),
B57: ovvero in parte direttamente e in parte indirettamente.
B58: (d): Inserire l'attività come indicata nelle schede di ricognizione (02.01; 02.02).

Sheet 03.01_Finalità_Attività_CIDIU
B2: 03. REQUISITI TESTO UNICO DELLE SOCIETÀ A PARTECIPAZIONE PUBBLICA
B3: 03.01. Finalità perseguite e attività ammesse (articoli 4 e 26)
D5: Progressivo società partecipata: | E5: Dir_3 | G5: (a)
D7: Denominazione società partecipata: | E7: CIDIU S.P.A. | G7: (b)
D9: Tipo partecipazione: | E9: Diretta | G9: (c)
D11: Attività svolta: | E11: GESTIONE RIFIUTI SOLIDI URBANI, DALLA RACCOLTA ALLO SMALTIMENTO, NETTEZZA URBANA PER IL TRAMITE DI CIDIU SERVIZI, SERVIZIO IDRICO INTEGRATO ANCHE TRAMITE PARTECIPAZIONI. INTERVENTI DI BNIFICA E RIPRISTINO AMBIENTALI DI SITI INQUINATI. AUTOTRASPORTO DI COSE PER CONTO TERZI CON MEZZI D QUALUQUE PESO E PORTATA. | G11: (d)
B13: indicare se la società:
A14: - | B14: Rientra nell'Allegato "A" del d.lgs. n. 175/2016 (art. 26, co. 2)
A16: - | B16: Ha come oggetto esclusivo la gestione di fondi europei per conto dello Stato o delle Regioni, ovvero la realizzazione di progetti di ricerca finanziati dalle istituzioni dell'Unione Europea (art. 26, co. 2)
A18: - | B18: È stata esclusa, con deliberazione adottata ai sensi dell'art. 4 co. 9, secondo periodo, dall'applicazione totale o parziale delle disposizioni del medesimo articolo (solo per le società partecipate dalle Regioni/Prov. Aut.)
A20: - | B20: È destinataria dei provvedimenti di cui al d.lgs. n. 159/2011 (art. 26, co. 12-bis)
A22: - | B22: È autorizzata alla gestione delle case da gioco, ai sensi della legislazione vigente (art. 26, co. 12-sexies)
B24: Qualora non sia stata selezionata alcuna delle opzioni indicate ai punti precedenti, indicare se la società:
A25: - | B25: È costituita in attuazione dell'art. 34 del regolamento CE n. 13/2013 - Gruppi d'Azione Locale (art. 4, co. 6)
A27: - | B27: Ha per oggetto sociale prevalente la gestione di spazi fieristici e l'organizzazione di eventi fieristici (art. 4, co. 7)
A29: - | B29: Ha per oggetto sociale prevalente la realizzazione e la gestione di impianti di trasporto a fune per la mobilità turistico-sportiva in aree montane (art. 4, co. 7)
A31: - | B31: Ha per oggetto sociale prevalente la produzione di energia da fonti rinnovabili (art. 4, co. 7)
A33: - | B33: Ha caratteristiche di spin off o di start up universitario, o analoghe a quelle degli enti di ricerca, ovvero gestisce aziende agricole con funzioni didattiche (art. 4, co. 8)
A35: - | B35: Produce un servizio di interesse generale a rete (di cui all'art. 3-bis del d.l. 138/2011) fuori dall'ambito territoriale di riferimento, con affidamento dei servizi, in corso e nuovi, tramite procedure ad evidenza pubblica (art. 4, co. 9-bis)
A37: - | B37: Produce beni e servizi strettamente necessari per il perseguimento delle finalità istituzionali dell'ente (art. 4, co. 1)
A39: - | B39: Produce un servizio di interesse generale (art. 4, co. 2, lett. a)
A41: - | B41: Progetta e realizza un'opera pubblica sulla base di un accordo di programma fra amministrazioni pubbliche (art. 4, co. 2, lett. b)
A43: - | B43: Realizza e gestisce un'opera pubblica ovvero organizza e gestisce un servizio di interesse generale attraverso un contratto di partenariato pubblico/privato (art. 4, co. 2, lett. c)
A45: - | B45: Produce beni o servizi strumentali all'ente o agli enti pubblici partecipanti o alla svolgimento delle loro funzioni(art. 4, co. 2, lett. d)
A47: - | B47: Svolge servizi di committenza (art. 4, co. 2, lett. e)
A49: - | B49: Valorizza il patrimonio immobiliare dell'amministrazione partecipante (art. 4, co. 3)
B51: Indicare le motivazioni della riconducibilità o meno ai vincoli di scopo di cui al co. 1 o ad una delle attività di cui ai commi 2 e 3, anche con riferimento alle società che svolgono le attività di cui ai commi 6, 7, 8:
B54: (a): Inserire uno dei progressivi già indicati nelle schede di ricognizione (02.01; 02.02).
B55: (b): Inserire la ragione sociale come indicata nelle schede di ricognizione (02.01; 02.02).
B56: (c): Indicare il tipo di partecipazione distinguendo i casi in cui la società sia partecipata direttamente, indirettamente (tramite altra società/organismo),
B57: ovvero in parte direttamente e in parte indirettamente.
B58: (d): Inserire l'attività come indicata nelle schede di ricognizione (02.01; 02.02).

Sheet 03.01_Finalità_Attività_CIDSER
B2: 03. REQUISITI TESTO UNICO DELLE SOCIETÀ A PARTECIPAZIONE PUBBLICA
B3: 03.01. Finalità perseguite e attività ammesse (articoli 4 e 26)
D5: Progressivo società partecipata: | E5: Ind_8 | G5: (a)
D7: Denominazione società partecipata: | E7: CIDIU SERVIZI S.P.A. | G7: (b)
D9: Tipo partecipazione: | E9: Indiretta | G9: (c)
D11: Attività svolta: | E11: GESTIONE RIFIUTI SOLIDI URBANI, DALLA RACCOLTA ALLO SMALTIMENTO, NETTEZZA URBANA PER IL TRAMITE DI CIDIU SERVIZI, SERVIZIO IDRICO INTEGRATO ANCHE TRAMITE PARTECIPAZIONI. INTERVENTI DI BNIFICA E RIPRISTINO AMBIENTALI DI SITI INQUINATI. AUTOTRASPORTO DI COS | G11: (d)
B13: indicare se la società:
A14: - | B14: Rientra nell'Allegato "A" del d.lgs. n. 175/2016 (art. 26, co. 2)
A16: - | B16: Ha come oggetto esclusivo la gestione di fondi europei per conto dello Stato o delle Regioni, ovvero la realizzazione di progetti di ricerca finanziati dalle istituzioni dell'Unione Europea (art. 26, co. 2)
A18: - | B18: È stata esclusa, con deliberazione adottata ai sensi dell'art. 4 co. 9, secondo periodo, dall'applicazione totale o parziale delle disposizioni del medesimo articolo (solo per le società partecipate dalle Regioni/Prov. Aut.)
A20: - | B20: È destinataria dei provvedimenti di cui al d.lgs. n. 159/2011 (art. 26, co. 12-bis)
A22: - | B22: È autorizzata alla gestione delle case da gioco, ai sensi della legislazione vigente (art. 26, co. 12-sexies)
B24: Qualora non sia stata selezionata alcuna delle opzioni indicate ai punti precedenti, indicare se la società:
A25: - | B25: È costituita in attuazione dell'art. 34 del regolamento CE n. 13/2013 - Gruppi d'Azione Locale (art. 4, co. 6)
A27: - | B27: Ha per oggetto sociale prevalente la gestione di spazi fieristici e l'organizzazione di eventi fieristici (art. 4, co. 7)
A29: - | B29: Ha per oggetto sociale prevalente la realizzazione e la gestione di impianti di trasporto a fune per la mobilità turistico-sportiva in aree montane (art. 4, co. 7)
A31: - | B31: Ha per oggetto sociale prevalente la produzione di energia da fonti rinnovabili (art. 4, co. 7)
A33: - | B33: Ha caratteristiche di spin off o di start up universitario, o analoghe a quelle degli enti di ricerca, ovvero gestisce aziende agricole con funzioni didattiche (art. 4, co. 8)
A35: - | B35: Produce un servizio di interesse generale a rete (di cui all'art. 3-bis del d.l. 138/2011) fuori dall'ambito territoriale di riferimento, con affidamento dei servizi, in corso e nuovi, tramite procedure ad evidenza pubblica (art. 4, co. 9-bis)
A37: - | B37: Produce beni e servizi strettamente necessari per il perseguimento delle finalità istituzionali dell'ente (art. 4, co. 1)
A39: - | B39: Produce un servizio di interesse generale (art. 4, co. 2, lett. a)
A41: - | B41: Progetta e realizza un'opera pubblica sulla base di un accordo di programma fra amministrazioni pubbliche (art. 4, co. 2, lett. b)
A43: - | B43: Realizza e gestisce un'opera pubblica ovvero organizza e gestisce un servizio di interesse generale attraverso un contratto di partenariato pubblico/privato (art. 4, co. 2, lett. c)
A45: - | B45: Produce beni o servizi strumentali all'ente o agli enti pubblici partecipanti o alla svolgimento delle loro funzioni(art. 4, co. 2, lett. d)
A47: - | B47: Svolge servizi di committenza (art. 4, co. 2, lett. e)
A49: - | B49: Valorizza il patrimonio immobiliare dell'amministrazione partecipante (art. 4, co. 3)
B51: Indicare le motivazioni della riconducibilità o meno ai vincoli di scopo di cui al co. 1 o ad una delle attività di cui ai commi 2 e 3, anche con riferimento alle società che svolgono le attività di cui ai commi 6, 7, 8:
B54: (a): Inserire uno dei progressivi già indicati nelle schede di ricognizione (02.01; 02.02).
B55: (b): Inserire la ragione sociale come indicata nelle schede di ricognizione (02.01; 02.02).
B56: (c): Indicare il tipo di partecipazione distinguendo i casi in cui la società sia partecipata direttamente, indirettamente (tramite altra società/organismo),
B57: ovvero in parte direttamente e in parte indirettamente.
B58: (d): Inserire l'attività come indicata nelle schede di ricognizione (02.01; 02.02).

Sheet 03.02_Condizioni_Art20co.2_smat
B2: 03. REQUISITI TESTO UNICO DELLE SOCIETÀ A PARTECIPAZIONE PUBBLICA
B3: 03.02. Condizioni art. 20, co. 2
D5: Progressivo società partecipata: | E5: 1 | G5: (a)
D7: Denominazione società partecipata: | E7: SOCIETA' METROPOLITANA ACQUE TORINO S.P.A. | G7: (b)
D9: Tipo partecipazione: | E9: sia diretta che indiretta | G9: (c)
D11: Attività svolta: | E11: SERVIZIO IDRICO INTEGRATO/GESTIONE DEPURATORE | G11: (d)
B13: Indicare i seguenti dati con riferimento all'esercizio 2020:
G14: Importi in euro
B15: Numero medio dipendenti (e) | C15: 958 | F15: Costo del personale (f) | G15: 60700787
B16: Numero amministratori | C16: 4 | F16: Compensi amministratori | G16: 278833
B17: di cui nominati dall'Ente | C17: 0 | D17: =+IF(C17>C16,"Attenzione! Il numero indicato non può essere superiore al numero di amministratori","") | F17: Compensi componenti organo di controllo | G17: 124904
B18: Numero componenti organo di controllo | C18: 4
B19: di cui nominati dall'Ente | C19: 0 | D19: =+IF(C19>C18,"Attenzione! Il numero indicato non può essere superiore al numero di componenti dell'organo di controllo","")
C20: Importi in euro | G20: Importi in euro
B21: RISULTATO D'ESERCIZIO (g) | F21: FATTURATO
B22: 2020 | C22: 23684331 | F22: 2020 | G22: 432045582
B23: 2019 | C23: 40102229 | F23: 2019 | G23: 442953395
B24: 2018 | C24: 51796714 | F24: 2018 | G24: 414902740
B25: 2017 | C25: 60427907 | F25: FATTURATO MEDIO | G25: =AVERAGE(G22:G24) -> 429967239
B26: 2016 | C26: 61548845
B27: 2015 | C27: 54957083
B28: 2014 | C28: 42752766
B29: 2013 | C29: 42825467
B30: 2012 | C30: 23268607
B32: Sussistenza delle condizioni di cui all'art. 20, co. 2:
A34: - | B34: La partecipazione societaria non rientra in alcuna delle categorie di cui all'art. 4 (art. 20, co. 2, lett. a)
A36: - | B36: Società priva di dipendenti o con numero di amministratori superiore a quello dei dipendenti (art. 20, co. 2, lett. b)
A38: - | B38: Svolgimento di attività analoghe o similari a quelle svolte da altre società partecipate o da enti pubblici strumentali (art. 20, co. 2, lett. c)
B40: Indicare quali società/enti strumentali:
A43: - | B43: Fatturato medio non superiore a 500.000 euro nel triennio precedente (art. 20, co. 2, lett. d e art. 26, co. 12-quinquies)
A45: - | B45: Perdite in 4 dei 5 esercizi precedenti (per società che non gestiscono un servizio di interesse generale) (art. 20, co. 2, lett. e)
A47: - | B47: Necessità di contenimento dei costi di funzionamento (art. 20, co. 2, lett. f)
A49: - | B49: Necessità di aggregazione con altre società aventi ad oggetto le attività consentite all'art. 4 (art. 20, co. 2, lett. g)
B51: Indicare le motivazioni della sussistenza o meno delle condizioni di cui ai punti precedenti:
B54: Azioni da intraprendere:
B55: I DATI INSERITI SONO DA CONSIDERARE UTILI SOLO AI FINI DELLA RILEVAZIONE MINISTERIALE IN QUANTO SMAT SPA NON E' SOGGETTA A RILEVAZIONE AI SENSI DELL'ART. 26, COMMA 5, del D.Lgs. 175/2016, AVENDO ADOTTATO ENTRO LA DATA DEL 30/06/2016 ATTI VOLTI ALL'EMISSIONE DI STRUMENTI FINANZIARI DIVERSI DALLE AZIONI QUOTATI IN MERCATI REGOLAMENTARI.
B57: (a): Inserire uno dei progressivi già indicati nelle schede di ricognizione (02.01; 02.02).
B58: (b): Inserire la ragione sociale come indicata nelle schede di ricognizione (02.01; 02.02).
B59: (c): Indicare il tipo di partecipazione distinguendo i casi in cui la società sia partecipata direttamente, indirettamente (tramite altra società/organismo),
B60: ovvero in parte direttamente e in parte indirettamente.
B61: (d): Inserire l'attività svolta come indicata nelle schede di ricognizione (02.01; 02.02).
B62: (e): Inserire il numero medio di dipendenti come da nota integrativa al bilancio.
B63: (f): Inserire la voce B9 del Conto economico.
B64: (g): Inserire il risultato d'esercizio al netto delle imposte.

Sheet 03.02_Condizioni_Art20co2 R IDR
B2: 03. REQUISITI TESTO UNICO DELLE SOCIETÀ A PARTECIPAZIONE PUBBLICA
B3: 03.02. Condizioni art. 20, co. 2
D5: Progressivo società partecipata: | E5: Ind_1 | G5: (a)
D7: Denominazione società partecipata: | E7: RISORSE IDRICHE S.P.A. | G7: (b)
D9: Tipo partecipazione: | E9: Indiretta | G9: (c)
D11: Attività svolta: | E11: ENGENEERING | G11: (d)
B13: Indicare i seguenti dati con riferimento all'esercizio 2020:
G14: Importi in euro
B15: Numero medio dipendenti (e) | C15: 27 | F15: Costo del personale (f) | G15: 1819786
B16: Numero amministratori | C16: 4 | F16: Compensi amministratori | G16: 36750
B17: di cui nominati dall'Ente | C17: 0 | D17: =+IF(C17>C16,"Attenzione! Il numero indicato non può essere superiore al numero di amministratori","") | F17: Compensi componenti organo di controllo | G17: 18552
B18: Numero componenti organo di controllo | C18: 4
B19: di cui nominati dall'Ente | C19: 0 | D19: =+IF(C19>C18,"Attenzione! Il numero indicato non può essere superiore al numero di componenti dell'organo di controllo","")
C20: Importi in euro | G20: Importi in euro
B21: RISULTATO D'ESERCIZIO (g) | F21: FATTURATO
B22: 2020 | C22: 17714 | F22: 2020 | G22: 2451414
B23: 2019 | C23: 3493 | F23: 2019 | G23: 2488751
B24: 2018 | C24: 34458 | F24: 2018 | G24: 3117357
B25: 2017 | C25: 4713 | F25: FATTURATO MEDIO | G25: =AVERAGE(G22:G24) -> 2685840.7
B26: 2016 | C26: 32503
B27: 2015 | C27: 11749
B28: 2014 | C28: 23816
B29: 2013 | C29: 131834
B30: 2012 | C30: 168005
B32: Sussistenza delle condizioni di cui all'art. 20, co. 2:
A34: - | B34: La partecipazione societaria non rientra in alcuna delle categorie di cui all'art. 4 (art. 20, co. 2, lett. a)
A36: - | B36: Società priva di dipendenti o con numero di amministratori superiore a quello dei dipendenti (art. 20, co. 2, lett. b)
A38: - | B38: Svolgimento di attività analoghe o similari a quelle svolte da altre società partecipate o da enti pubblici strumentali (art. 20, co. 2, lett. c)
B40: Indicare quali società/enti strumentali:
A43: - | B43: Fatturato medio non superiore a 500.000 euro nel triennio precedente (art. 20, co. 2, lett. d e art. 26, co. 12-quinquies)
A45: - | B45: Perdite in 4 dei 5 esercizi precedenti (per società che non gestiscono un servizio di interesse generale) (art. 20, co. 2, lett. e)
A47: - | B47: Necessità di contenimento dei costi di funzionamento (art. 20, co. 2, lett. f)
A49: - | B49: Necessità di aggregazione con altre società aventi ad oggetto le attività consentite all'art. 4 (art. 20, co. 2, lett. g)
B51: Indicare le motivazioni della sussistenza o meno delle condizioni di cui ai punti precedenti:
B54: Azioni da intraprendere:
B55: I DATI DELLA SUDDETTA SOCIETA' NON RILEVANO AI FINI DELLA REVISIONE DELLE SOCIETA' PARTECIPATE IN QUANTO SOCIETA' POSSEDUTA INDIRETTAMENTE PER TRAMITE DI SMAT SPA NON SOGGETTA A RILEVAZIONE AI SENSI DELL'ART. 26, COMMA 5, del D.Lgs. 175/2016, AVENDO ADOTTATO ENTRO LA DATA DEL 30/06/2016 ATTI VOLTI ALL'EMISSIONE DI STRUMENTI FINANZIARI DIVERSI DALLE AZIONI QUOTATI IN MERCATI REGOLAMENTARI.
B57: (a): Inserire uno dei progressivi già indicati nelle schede di ricognizione (02.01; 02.02).
B58: (b): Inserire la ragione sociale come indicata nelle schede di ricognizione (02.01; 02.02).
B59: (c): Indicare il tipo di partecipazione distinguendo i casi in cui la società sia partecipata direttamente, indirettamente (tramite altra società/organismo),
B60: ovvero in parte direttamente e in parte indirettamente.
B61: (d): Inserire l'attività svolta come indicata nelle schede di ricognizione (02.01; 02.02).
B62: (e): Inserire il numero medio di dipendenti come da nota integrativa al bilancio.
B63: (f): Inserire la voce B9 del Conto economico.
B64: (g): Inserire il risultato d'esercizio al netto delle imposte.

Sheet 03.02_Condizioni_Art20co2AIDA 
B2: 03. REQUISITI TESTO UNICO DELLE SOCIETÀ A PARTECIPAZIONE PUBBLICA
B3: 03.02. Condizioni art. 20, co. 2
D5: Progressivo società partecipata: | E5: Ind_2 | G5: (a)
D7: Denominazione società partecipata: | E7: AIDA AMBIENTE S.R.L. | G7: (b)
D9: Tipo partecipazione: | E9: Indiretta | G9: (c)
D11: Attività svolta: | E11: SERVIZIO IDRICO INTEGRATO/GESTIONE DEPURATORE | G11: (d)
B13: Indicare i seguenti dati con riferimento all'esercizio 2020:
G14: Importi in euro
B15: Numero medio dipendenti (e) | C15: 9 | F15: Costo del personale (f) | G15: 553244
B16: Numero amministratori | C16: 3 | F16: Compensi amministratori | G16: 27072
B17: di cui nominati dall'Ente | C17: 0 | D17: =+IF(C17>C16,"Attenzione! Il numero indicato non può essere superiore al numero di amministratori","") | F17: Compensi componenti organo di controllo | G17: 6552
B18: Numero componenti organo di controllo | C18: 3
B19: di cui nominati dall'Ente | C19: 0 | D19: =+IF(C19>C18,"Attenzione! Il numero indicato non può essere superiore al numero di componenti dell'organo di controllo","")
C20: Importi in euro | G20: Importi in euro
B21: RISULTATO D'ESERCIZIO (g) | F21: FATTURATO
B22: 2020 | C22: 53827 | F22: 2020 | G22: 1394758
B23: 2019 | C23: 115815 | F23: 2019 | G23: 1456351
B24: 2018 | C24: 173097 | F24: 2018 | G24: 1548864
B25: 2017 | C25: 117704 | F25: FATTURATO MEDIO | G25: =AVERAGE(G22:G24) -> 1466657.7
B26: 2016 | C26: 397350
B27: 2015 | C27: 389797
B28: 2014 | C28: 312909
B29: 2013 | C29: 238838
B30: 2012 | C30: 217808
B32: Sussistenza delle condizioni di cui all'art. 20, co. 2:
A34: - | B34: La partecipazione societaria non rientra in alcuna delle categorie di cui all'art. 4 (art. 20, co. 2, lett. a)
A36: - | B36: Società priva di dipendenti o con numero di amministratori superiore a quello dei dipendenti (art. 20, co. 2, lett. b)
A38: - | B38: Svolgimento di attività analoghe o similari a quelle svolte da altre società partecipate o da enti pubblici strumentali (art. 20, co. 2, lett. c)
B40: Indicare quali società/enti strumentali:
A43: - | B43: Fatturato medio non superiore a 500.000 euro nel triennio precedente (art. 20, co. 2, lett. d e art. 26, co. 12-quinquies)
A45: - | B45: Perdite in 4 dei 5 esercizi precedenti (per società che non gestiscono un servizio di interesse generale) (art. 20, co. 2, lett. e)
A47: - | B47: Necessità di contenimento dei costi di funzionamento (art. 20, co. 2, lett. f)
A49: - | B49: Necessità di aggregazione con altre società aventi ad oggetto le attività consentite all'art. 4 (art. 20, co. 2, lett. g)
B51: Indicare le motivazioni della sussistenza o meno delle condizioni di cui ai punti precedenti:
B54: Azioni da intraprendere:
B55: I DATI DELLA SUDDETTA SOCIETA' NON RILEVANO AI FINI DELLA REVISIONE DELLE SOCIETA' PARTECIPATE IN QUANTO SOCIETA' POSSEDUTA INDIRETTAMENTE PER TRAMITE DI SMAT SPA NON SOGGETTA A RILEVAZIONE AI SENSI DELL'ART. 26, COMMA 5, del D.Lgs. 175/2016, AVENDO ADOTTATO ENTRO LA DATA DEL 30/06/2016 ATTI VOLTI ALL'EMISSIONE DI STRUMENTI FINANZIARI DIVERSI DALLE AZIONI QUOTATI IN MERCATI REGOLAMENTARI.
B57: (a): Inserire uno dei progressivi già indicati nelle schede di ricognizione (02.01; 02.02).
B58: (b): Inserire la ragione sociale come indicata nelle schede di ricognizione (02.01; 02.02).
B59: (c): Indicare il tipo di partecipazione distinguendo i casi in cui la società sia partecipata direttamente, indirettamente (tramite altra società/organismo),
B60: ovvero in parte direttamente e in parte indirettamente.
B61: (d): Inserire l'attività svolta come indicata nelle schede di ricognizione (02.01; 02.02).
B62: (e): Inserire il numero medio di dipendenti come da nota integrativa al bilancio.
B63: (f): Inserire la voce B9 del Conto economico.
B64: (g): Inserire il risultato d'esercizio al netto delle imposte.

Sheet 03.02_Condizioni_Art20co2NOVS
B2: 03. REQUISITI TESTO UNICO DELLE SOCIETÀ A PARTECIPAZIONE PUBBLICA
B3: 03.02. Condizioni art. 20, co. 2
D5: Progressivo società partecipata: | E5: Ind_3 | G5: (a)
D7: Denominazione società partecipata: | E7: NORD OVEST SERVIZI S.P.A. | G7: (b)
D9: Tipo partecipazione: | E9: Indiretta | G9: (c)
D11: Attività svolta: | E11: SERVIZIO IDRICO INTEGRATO | G11: (d)
B13: Indicare i seguenti dati con riferimento all'esercizio 2020:
G14: Importi in euro
B15: Numero medio dipendenti (e) | C15: 0 | F15: Costo del personale (f) | G15: 0
B16: Numero amministratori | C16: 0 | F16: Compensi amministratori | G16: 0
B17: di cui nominati dall'Ente | C17: 0 | D17: =+IF(C17>C16,"Attenzione! Il numero indicato non può essere superiore al numero di amministratori","") | F17: Compensi componenti organo di controllo | G17: 0
B18: Numero componenti organo di controllo | C18: 0
B19: di cui nominati dall'Ente | C19: 0 | D19: =+IF(C19>C18,"Attenzione! Il numero indicato non può essere superiore al numero di componenti dell'organo di controllo","")
C20: Importi in euro | G20: Importi in euro
B21: RISULTATO D'ESERCIZIO (g) | F21: FATTURATO
B22: 2019 | C22: 0 | F22: 2020 | G22: 0
B23: 2018 | C23: 0 | F23: 2019 | G23: 0
B24: 2017 | C24: 0 | F24: 2018 | G24: 0
B25: 2016 | C25: 0 | F25: FATTURATO MEDIO | G25: =AVERAGE(G22:G24) -> 0
B26: 2015 | C26: 212390
B27: 2014 | C27: 207523
B28: 2013 | C28: 77528
B29: 2012 | C29: 89033
B31: Sussistenza delle condizioni di cui all'art. 20, co. 2:
A33: - | B33: La partecipazione societaria non rientra in alcuna delle categorie di cui all'art. 4 (art. 20, co. 2, lett. a)
A35: - | B35: Società priva di dipendenti o con numero di amministratori superiore a quello dei dipendenti (art. 20, co. 2, lett. b)
A37: - | B37: Svolgimento di attività analoghe o similari a quelle svolte da altre società partecipate o da enti pubblici strumentali (art. 20, co. 2, lett. c)
B39: Indicare quali società/enti strumentali:
A42: - | B42: Fatturato medio non superiore a 500.000 euro nel triennio precedente (art. 20, co. 2, lett. d e art. 26, co. 12-quinquies)
A44: - | B44: Perdite in 4 dei 5 esercizi precedenti (per società che non gestiscono un servizio di interesse generale) (art. 20, co. 2, lett. e)
A46: - | B46: Necessità di contenimento dei costi di funzionamento (art. 20, co. 2, lett. f)
A48: - | B48: Necessità di aggregazione con altre società aventi ad oggetto le attività consentite all'art. 4 (art. 20, co. 2, lett. g)
B50: Indicare le motivazioni della sussistenza o meno delle condizioni di cui ai punti precedenti:
B53: Azioni da intraprendere:
B54: NON SONO REPERIBILI I DATI DELLA SOCIETA' - IN OGNI CASO GLI STESSI' NON RILEVANO AI FINI DELLA REVISIONE DELLE SOCIETA' PARTECIPATE IN QUANTO SOCIETA' POSSEDUTA INDIRETTAMENTE PER TRAMITE DI SMAT SPA NON SOGGETTA A RILEVAZIONE AI SENSI DELL'ART. 26, COMMA 5, del D.Lgs. 175/2016, AVENDO ADOTTATO ENTRO LA DATA DEL 30/06/2016 ATTI VOLTI ALL'EMISSIONE DI STRUMENTI FINANZIARI DIVERSI DALLE AZIONI QUOTATI IN MERCATI REGOLAMENTARI.
B56: (a): Inserire uno dei progressivi già indicati nelle schede di ricognizione (02.01; 02.02).
B57: (b): Inserire la ragione sociale come indicata nelle schede di ricognizione (02.01; 02.02).
B58: (c): Indicare il tipo di partecipazione distinguendo i casi in cui la società sia partecipata direttamente, indirettamente (tramite altra società/organismo),
B59: ovvero in parte direttamente e in parte indirettamente.
B60: (d): Inserire l'attività svolta come indicata nelle schede di ricognizione (02.01; 02.02).
B61: (e): Inserire il numero medio di dipendenti come da nota integrativa al bilancio.
B62: (f): Inserire la voce B9 del Conto economico.
B63: (g): Inserire il risultato d'esercizio al netto delle imposte.

Sheet 03.02_Condizioni_Art20co2MONACQ
B2: 03. REQUISITI TESTO UNICO DELLE SOCIETÀ A PARTECIPAZIONE PUBBLICA
B3: 03.02. Condizioni art. 20, co. 2
D5: Progressivo società partecipata: | E5: Ind_4 | G5: (a)
D7: Denominazione società partecipata: | E7: MONDO ACQUA S.P.A. | G7: (b)
D9: Tipo partecipazione: | E9: Indiretta | G9: (c)
D11: Attività svolta: | E11: SERVIZIO IDRICO INTEGRATO | G11: (d)
B13: Indicare i seguenti dati con riferimento all'esercizio 2019:
G14: Importi in euro
B15: Numero medio dipendenti (e) | C15: 14 | F15: Costo del personale (f) | G15: 727993
B16: Numero amministratori | C16: 7 | F16: Compensi amministratori | G16: 35860
B17: di cui nominati dall'Ente | C17: 0 | D17: =+IF(C17>C16,"Attenzione! Il numero indicato non può essere superiore al numero di amministratori","") | F17: Compensi componenti organo di controllo | G17: 20237
B18: Numero componenti organo di controllo | C18: 3
B19: di cui nominati dall'Ente | C19: 0 | D19: =+IF(C19>C18,"Attenzione! Il numero indicato non può essere superiore al numero di componenti dell'organo di controllo","")
C20: Importi in euro | G20: Importi in euro
B21: RISULTATO D'ESERCIZIO (g) | F21: FATTURATO
B22: 2019 | C22: 44675 | F22: 2019 | G22: 5033083
B23: 2018 | C23: -44716 | F23: 2018 | G23: 5431703
B24: 2017 | C24: 37943 | F24: 2017 | G24: 5071449
B25: 2016 | C25: 197351 | F25: FATTURATO MEDIO | G25: =AVERAGE(G22:G24) -> 5178745
B26: 2015 | C26: 14512
B27: 2014 | C27: 220468
B28: 2013 | C28: 64633
B29: 2012 | C29: 7951
B30: 2011 | C30: 228152
B32: Sussistenza delle condizioni di cui all'art. 20, co. 2:
A34: - | B34: La partecipazione societaria non rientra in alcuna delle categorie di cui all'art. 4 (art. 20, co. 2, lett. a)
A36: - | B36: Società priva di dipendenti o con numero di amministratori superiore a quello dei dipendenti (art. 20, co. 2, lett. b)
A38: - | B38: Svolgimento di attività analoghe o similari a quelle svolte da altre società partecipate o da enti pubblici strumentali (art. 20, co. 2, lett. c)
B40: Indicare quali società/enti strumentali:
A43: - | B43: Fatturato medio non superiore a 500.000 euro nel triennio precedente (art. 20, co. 2, lett. d e art. 26, co. 12-quinquies)
A45: - | B45: Perdite in 4 dei 5 esercizi precedenti (per società che non gestiscono un servizio di interesse generale) (art. 20, co. 2, lett. e)
A47: - | B47: Necessità di contenimento dei costi di funzionamento (art. 20, co. 2, lett. f)
A49: - | B49: Necessità di aggregazione con altre società aventi ad oggetto le attività consentite all'art. 4 (art. 20, co. 2, lett. g)
B51: Indicare le motivazioni della sussistenza o meno delle condizioni di cui ai punti precedenti:
B54: Azioni da intraprendere:
B55: L'ULTIMO BILANCIO DISPONIBILE E' AL 31.12.2019 - IN OGNI CASO I DATI DELLA SUDDETTA SOCIETA' NON RILEVANO AI FINI DELLA REVISIONE DELLE SOCIETA' PARTECIPATE IN QUANTO SOCIETA' POSSEDUTA INDIRETTAMENTE PER TRAMITE DI SMAT SPA NON SOGGETTA A RILEVAZIONE AI SENSI DELL'ART. 26, COMMA 5, del D.Lgs. 175/2016, AVENDO ADOTTATO ENTRO LA DATA DEL 30/06/2016 ATTI VOLTI ALL'EMISSIONE DI STRUMENTI FINANZIARI DIVERSI DALLE AZIONI QUOTATI IN MERCATI REGOLAMENTARI.
B57: (a): Inserire uno dei progressivi già indicati nelle schede di ricognizione (02.01; 02.02).
B58: (b): Inserire la ragione sociale come indicata nelle schede di ricognizione (02.01; 02.02).
B59: (c): Indicare il tipo di partecipazione distinguendo i casi in cui la società sia partecipata direttamente, indirettamente (tramite altra società/organismo),
B60: ovvero in parte direttamente e in parte indirettamente.
B61: (d): Inserire l'attività svolta come indicata nelle schede di ricognizione (02.01; 02.02).
B62: (e): Inserire il numero medio di dipendenti come da nota integrativa al bilancio.
B63: (f): Inserire la voce B9 del Conto economico.
B64: (g): Inserire il risultato d'esercizio al netto delle imposte.

Sheet 03.02_Condizioni_Art20co2ENVI
B2: 03. REQUISITI TESTO UNICO DELLE SOCIETÀ A PARTECIPAZIONE PUBBLICA
B3: 03.02. Condizioni art. 20, co. 2
D5: Progressivo società partecipata: | E5: Ind_5 | G5: (a)
D7: Denominazione società partecipata: | E7: ENVIRONMENT PARK S.P.A. | G7: (b)
D9: Tipo partecipazione: | E9: Indiretta | G9: (c)
D11: Attività svolta: | E11: ATTIVITA' STRUMENTALI RELATIVE AL SERVIZIO IDRICO INTEGRATO (ATTIVITA' DI RICERCA FINALIZZATA ALLO SVILUPPO SOSTENIBILE) | G11: (d)
B13: Indicare i seguenti dati con riferimento all'esercizio 2020:
G14: Importi in euro
B15: Numero medio dipendenti (e) | C15: 24 | F15: Costo del personale (f) | G15: 1472933
B16: Numero amministratori | C16: 5 | F16: Compensi amministratori | G16: 74535
B17: di cui nominati dall'Ente | C17: 0 | D17: =+IF(C17>C16,"Attenzione! Il numero indicato non può essere superiore al numero di amministratori","") | F17: Compensi componenti organo di controllo | G17: 21853
B18: Numero componenti organo di controllo | C18: 3
B19: di cui nominati dall'Ente | C19: 0 | D19: =+IF(C19>C18,"Attenzione! Il numero indicato non può essere superiore al numero di componenti dell'organo di controllo","")
C20: Importi in euro | G20: Importi in euro
B21: RISULTATO D'ESERCIZIO (g) | F21: FATTURATO
B22: 2020 | C22: 52838 | F22: 2020 | G22: 6177069
B23: 2019 | C23: 64745 | F23: 2019 | G23: 7017416
B24: 2018 | C24: 117047 | F24: 2018 | G24: 6465755
B25: 2017 | C25: 65476 | F25: FATTURATO MEDIO | G25: =AVERAGE(G22:G24) -> 6553413.3
B26: 2016 | C26: -199719
B27: 2015 | C27: 35355
B28: 2014 | C28: 307323
B29: 2013 | C29: 473047
B31: Sussistenza delle condizioni di cui all'art. 20, co. 2:
A33: - | B33: La partecipazione societaria non rientra in alcuna delle categorie di cui all'art. 4 (art. 20, co. 2, lett. a)
A35: - | B35: Società priva di dipendenti o con numero di amministratori superiore a quello dei dipendenti (art. 20, co. 2, lett. b)
A37: - | B37: Svolgimento di attività analoghe o similari a quelle svolte da altre società partecipate o da enti pubblici strumentali (art. 20, co. 2, lett. c)
B39: Indicare quali società/enti strumentali:
A42: - | B42: Fatturato medio non superiore a 500.000 euro nel triennio precedente (art. 20, co. 2, lett. d e art. 26, co. 12-quinquies)
A44: - | B44: Perdite in 4 dei 5 esercizi precedenti (per società che non gestiscono un servizio di interesse generale) (art. 20, co. 2, lett. e)
A46: - | B46: Necessità di contenimento dei costi di funzionamento (art. 20, co. 2, lett. f)
A48: - | B48: Necessità di aggregazione con altre società aventi ad oggetto le attività consentite all'art. 4 (art. 20, co. 2, lett. g)
B50: Indicare le motivazioni della sussistenza o meno delle condizioni di cui ai punti precedenti:
B53: Azioni da intraprendere:
B54: I DATI DELLA SUDDETTA SOCIETA' NON RILEVANO AI FINI DELLA REVISIONE DELLE SOCIETA' PARTECIPATE IN QUANTO SOCIETA' POSSEDUTA INDIRETTAMENTE PER TRAMITE DI SMAT SPA NON SOGGETTA A RILEVAZIONE AI SENSI DELL'ART. 26, COMMA 5, del D.Lgs. 175/2016, AVENDO ADOTTATO ENTRO LA DATA DEL 30/06/2016 ATTI VOLTI ALL'EMISSIONE DI STRUMENTI FINANZIARI DIVERSI DALLE AZIONI QUOTATI IN MERCATI REGOLAMENTARI.
B56: (a): Inserire uno dei progressivi già indicati nelle schede di ricognizione (02.01; 02.02).
B57: (b): Inserire la ragione sociale come indicata nelle schede di ricognizione (02.01; 02.02).
B58: (c): Indicare il tipo di partecipazione distinguendo i casi in cui la società sia partecipata direttamente, indirettamente (tramite altra società/organismo),
B59: ovvero in parte direttamente e in parte indirettamente.
B60: (d): Inserire l'attività svolta come indicata nelle schede di ricognizione (02.01; 02.02).
B61: (e): Inserire il numero medio di dipendenti come da nota integrativa al bilancio.
B62: (f): Inserire la voce B9 del Conto economico.
B63: (g): Inserire il risultato d'esercizio al netto delle imposte.

Sheet 03.02_Condizioni_Art20co2SII
B2: 03. REQUISITI TESTO UNICO DELLE SOCIETÀ A PARTECIPAZIONE PUBBLICA
B3: 03.02. Condizioni art. 20, co. 2
D5: Progressivo società partecipata: | E5: Ind_6 | G5: (a)
D7: Denominazione società partecipata: | E7: SII S.P.A. | G7: (b)
D9: Tipo partecipazione: | E9: Indiretta | G9: (c)
D11: Attività svolta: | E11: SERVIZIO IDRICO INTEGRATO | G11: (d)
B13: Indicare i seguenti dati con riferimento all'esercizio 2020:
G14: Importi in euro
B15: Numero medio dipendenti (e) | C15: 48 | F15: Costo del personale (f) | G15: 2285114
B16: Numero amministratori | C16: 5 | F16: Compensi amministratori | G16: 27750
B17: di cui nominati dall'Ente | C17: 0 | D17: =+IF(C17>C16,"Attenzione! Il numero indicato non può essere superiore al numero di amministratori","") | F17: Compensi componenti organo di controllo | G17: 21507
B18: Numero componenti organo di controllo | C18: 3
B19: di cui nominati dall'Ente | C19: 0 | D19: =+IF(C19>C18,"Attenzione! Il numero indicato non può essere superiore al numero di componenti dell'organo di controllo","")
C20: Importi in euro | G20: Importi in euro
B21: RISULTATO D'ESERCIZIO (g) | F21: FATTURATO
B22: 2020 | C22: 215124 | F22: 2020 | G22: 12025040
B23: 2019 | C23: 197245 | F23: 2019 | G23: 12174388
B24: 2018 | C24: 669899 | F24: 2018 | G24: 12438115
B25: 2017 | C25: 1043147 | F25: FATTURATO MEDIO | G25: =AVERAGE(G22:G24) -> 12212514
B26: 2016 | C26: 308888
B27: 2015 | C27: 324008
B28: 2014 | C28: 244593
B29: 2013 | C29: 48271
B30: 2012 | C30: 60578
B32: Sussistenza delle condizioni di cui all'art. 20, co. 2:
A34: - | B34: La partecipazione societaria non rientra in alcuna delle categorie di cui all'art. 4 (art. 20, co. 2, lett. a)
A36: - | B36: Società priva di dipendenti o con numero di amministratori superiore a quello dei dipendenti (art. 20, co. 2, lett. b)
A38: - | B38: Svolgimento di attività analoghe o similari a quelle svolte da altre società partecipate o da enti pubblici strumentali (art. 20, co. 2, lett. c)
B40: Indicare quali società/enti strumentali:
A43: - | B43: Fatturato medio non superiore a 500.000 euro nel triennio precedente (art. 20, co. 2, lett. d e art. 26, co. 12-quinquies)
A45: - | B45: Perdite in 4 dei 5 esercizi precedenti (per società che non gestiscono un servizio di interesse generale) (art. 20, co. 2, lett. e)
A47: - | B47: Necessità di contenimento dei costi di funzionamento (art. 20, co. 2, lett. f)
A49: - | B49: Necessità di aggregazione con altre società aventi ad oggetto le attività consentite all'art. 4 (art. 20, co. 2, lett. g)
B51: Indicare le motivazioni della sussistenza o meno delle condizioni di cui ai punti precedenti:
B54: Azioni da intraprendere:
B55: I DATI DELLA SUDDETTA SOCIETA' NON RILEVANO AI FINI DELLA REVISIONE DELLE SOCIETA' PARTECIPATE IN QUANTO SOCIETA' POSSEDUTA INDIRETTAMENTE PER TRAMITE DI SMAT SPA NON SOGGETTA A RILEVAZIONE AI SENSI DELL'ART. 26, COMMA 5, del D.Lgs. 175/2016, AVENDO ADOTTATO ENTRO LA DATA DEL 30/06/2016 ATTI VOLTI ALL'EMISSIONE DI STRUMENTI FINANZIARI DIVERSI DALLE AZIONI QUOTATI IN MERCATI REGOLAMENTARI.
B57: (a): Inserire uno dei progressivi già indicati nelle schede di ricognizione (02.01; 02.02).
B58: (b): Inserire la ragione sociale come indicata nelle schede di ricognizione (02.01; 02.02).
B59: (c): Indicare il tipo di partecipazione distinguendo i casi in cui la società sia partecipata direttamente, indirettamente (tramite altra società/organismo),
B60: ovvero in parte direttamente e in parte indirettamente.
B61: (d): Inserire l'attività svolta come indicata nelle schede di ricognizione (02.01; 02.02).
B62: (e): Inserire il numero medio di dipendenti come da nota integrativa al bilancio.
B63: (f): Inserire la voce B9 del Conto economico.
B64: (g): Inserire il risultato d'esercizio al netto delle imposte.

Sheet 03.02_Condizioni_Art20co2UTILIT
B2: 03. REQUISITI TESTO UNICO DELLE SOCIETÀ A PARTECIPAZIONE PUBBLICA
B3: 03.02. Condizioni art. 20, co. 2
D5: Progressivo società partecipata: | E5: Ind_7 | G5: (a)
D7: Denominazione società partecipata: | E7: WATER ALLIANCE DEL PIEMONTE (RETE DI IMPRESE) | G7: (b)
D9: Tipo partecipazione: | E9: Indiretta | G9: (c)
D11: Attività svolta: | E11: SERVIZIO IDRICO INTEGRATO | G11: (d)
B13: Indicare i seguenti dati con riferimento all'esercizio 2020:
G14: Importi in euro
B15: Numero medio dipendenti (e) | C15: 0 | F15: Costo del personale (f) | G15: 0
B16: Numero componenti comitato di gestione | C16: 14 | F16: Compensi comitato di gestione | G16: 0
B17: di cui nominati dall'Ente | C17: 0 | D17: =+IF(C17>C16,"Attenzione! Il numero indicato non può essere superiore al numero di amministratori","") | F17: Compensi componenti organo di controllo | G17: 0
B18: Numero componenti organo di controllo | C18: 0
B19: di cui nominati dall'Ente | C19: 0 | D19: =+IF(C19>C18,"Attenzione! Il numero indicato non può essere superiore al numero di componenti dell'organo di controllo","")
C20: Importi in euro | G20: Importi in euro
B21: RISULTATO D'ESERCIZIO (g)
B22: 2020 | C22: 6519 | F22: FATTURATO
B23: 2019 | C23: 2398 | F23: 2020 | G23: 10110
B24: 2018 | C24: 1610 | F24: 2019 | G24: 10235
B25: 2017 | C25: 1924 | F25: 2018 | G25: 13001
B26: 2016 | C26: -3820 | F26: FATTURATO MEDIO | G26: =AVERAGE(G23:G25) -> 11115.333
B30: Sussistenza delle condizioni di cui all'art. 20, co. 2:
A32: - | B32: La partecipazione societaria non rientra in alcuna delle categorie di cui all'art. 4 (art. 20, co. 2, lett. a)
A34: - | B34: Società priva di dipendenti o con numero di amministratori superiore a quello dei dipendenti (art. 20, co. 2, lett. b)
A36: - | B36: Svolgimento di attività analoghe o similari a quelle svolte da altre società partecipate o da enti pubblici strumentali (art. 20, co. 2, lett. c)
B38: Indicare quali società/enti strumentali:
A41: - | B41: Fatturato medio non superiore a 500.000 euro nel triennio precedente (art. 20, co. 2, lett. d e art. 26, co. 12-quinquies)
A43: - | B43: Perdite in 4 dei 5 esercizi precedenti (per società che non gestiscono un servizio di interesse generale) (art. 20, co. 2, lett. e)
A45: - | B45: Necessità di contenimento dei costi di funzionamento (art. 20, co. 2, lett. f)
A47: - | B47: Necessità di aggregazione con altre società aventi ad oggetto le attività consentite all'art. 4 (art. 20, co. 2, lett. g)
B49: Indicare le motivazioni della sussistenza o meno delle condizioni di cui ai punti precedenti:
B52: Azioni da intraprendere:
B53: I DATI DELLA SUDDETTA SOCIETA' NON RILEVANO AI FINI DELLA REVISIONE DELLE SOCIETA' PARTECIPATE IN QUANTO SOCIETA' POSSEDUTA INDIRETTAMENTE PER TRAMITE DI SMAT SPA NON SOGGETTA A RILEVAZIONE AI SENSI DELL'ART. 26, COMMA 5, del D.Lgs. 175/2016, AVENDO ADOTTATO ENTRO LA DATA DEL 30/06/2016 ATTI VOLTI ALL'EMISSIONE DI STRUMENTI FINANZIARI DIVERSI DALLE AZIONI QUOTATI IN MERCATI REGOLAMENTARI.
B55: (a): Inserire uno dei progressivi già indicati nelle schede di ricognizione (02.01; 02.02).
B56: (b): Inserire la ragione sociale come indicata nelle schede di ricognizione (02.01; 02.02).
B57: (c): Indicare il tipo di partecipazione distinguendo i casi in cui la società sia partecipata direttamente, indirettamente (tramite altra società/organismo),
B58: ovvero in parte direttamente e in parte indirettamente.
B59: (d): Inserire l'attività svolta come indicata nelle schede di ricognizione (02.01; 02.02).
B60: (e): Inserire il numero medio di dipendenti come da nota integrativa al bilancio.
B61: (f): Inserire la voce B9 del Conto economico.
B62: (g): Inserire il risultato d'esercizio al netto delle imposte.

Sheet 03.02_Condizioni_Art20co.2ZONA
B2: 03. REQUISITI TESTO UNICO DELLE SOCIETÀ A PARTECIPAZIONE PUBBLICA
B3: 03.02. Condizioni art. 20, co. 2
D5: Progressivo società partecipata: | E5: 2 | G5: (a)
D7: Denominazione società partecipata: | E7: ZONA OVEST TORINO S.R.L. | G7: (b)
D9: Tipo partecipazione: | E9: Diretta | G9: (c)
D11: Attività svolta: | E11: LA SOCIETÀ HA PER OGGETTO LO SVOLGIMENTO DI ATTIVITÀ VOLTE IN PARTICOLARE ALLA PROMOZIONE ED ALLO SVILUPPO SOCIALE, ECONOMICO ED INFRASTRUTTURALE DELLA ZONA OVEST DI TORINO, ATTRAVERSO LA REALIZZAZIONE DI PROGETTI SERVIZI DI INTERESSE GENERALE ED INIZIATIVE DI FINANZIAMENTO PUBBLICO E PRIVATO, NONCHÉ ULTERIORI ACCORDI DI PROGRAMMAZIONE NEGOZIATA E DI PARTENARIATO PUBBLICO-PRIVATO. | G11: (d)
B13: Indicare i seguenti dati con riferimento all'esercizio 2020:
G14: Importi in euro
B15: Numero medio dipendenti (e) | C15: 5 | F15: Costo del personale (f) | G15: 192089
B16: Numero amministratori | C16: 3 | F16: Compensi amministratori | G16: 18360
B17: di cui nominati dall'Ente | C17: 0 | D17: =+IF(C17>C16,"Attenzione! Il numero indicato non può essere superiore al numero di amministratori","") | F17: Compensi componenti organo di controllo | G17: 3959
B18: Numero componenti organo di controllo | C18: 1
B19: di cui nominati dall'Ente | C19: 0 | D19: =+IF(C19>C18,"Attenzione! Il numero indicato non può essere superiore al numero di componenti dell'organo di controllo","")
C20: Importi in euro | G20: Importi in euro
B21: RISULTATO D'ESERCIZIO (g) | F21: FATTURATO
B22: 2020 | C22: 1475 | F22: 2020 | G22: 738748
B23: 2019 | C23: 11000 | F23: 2019 | G23: 878641
B24: 2018 | C24: 3744 | F24: 2018 | G24: 738748
B25: 2017 | C25: 3785 | F25: FATTURATO MEDIO | G25: =AVERAGE(G22:G24) -> 785379
B26: 2016 | C26: 2617
B27: 2015 | C27: 5905
B28: 2014 | C28: 3862
B29: 2013 | C29: 3509
B30: 2012 | C30: 6541
B31: 2011 | C31: 1029
B33: Sussistenza delle condizioni di cui all'art. 20, co. 2:
A35: - | B35: La partecipazione societaria non rientra in alcuna delle categorie di cui all'art. 4 (art. 20, co. 2, lett. a)
A37: - | B37: Società priva di dipendenti o con numero di amministratori superiore a quello dei dipendenti (art. 20, co. 2, lett. b)
A39: - | B39: Svolgimento di attività analoghe o similari a quelle svolte da altre società partecipate o da enti pubblici strumentali (art. 20, co. 2, lett. c)
B41: Indicare quali società/enti strumentali:
A44: - | B44: Fatturato medio non superiore a 500.000 euro nel triennio precedente (art. 20, co. 2, lett. d e art. 26, co. 12-quinquies)
A46: - | B46: Perdite in 4 dei 5 esercizi precedenti (per società che non gestiscono un servizio di interesse generale) (art. 20, co. 2, lett. e)
A48: - | B48: Necessità di contenimento dei costi di funzionamento (art. 20, co. 2, lett. f)
A50: - | B50: Necessità di aggregazione con altre società aventi ad oggetto le attività consentite all'art. 4 (art. 20, co. 2, lett. g)
B52: Indicare le motivazioni della sussistenza o meno delle condizioni di cui ai punti precedenti:
B55: Azioni da intraprendere:
B56: NESSUNA AZIONE DA INTRAPRENDERE -IL PROSEGUIMENTO DELL'ATTIVITA' CONNESSA AI PATTI TERRITORIALI, DI CUI AL DECRETO 30 NOVEMBRE 2020 DEL MINISTERO DELLO SVILUPPO ECONOMICO DI CONCERTO CON IL MINISTERO DELL'ECONOMIA E DELLE FINANZE, CONSENTE IL MANTENIMENTO DELLA SOCIETA' ZONA OVEST DI TORNO S.R.L. IN QUANTO SI RENDE NUOVAMNETE EFFICACE LA DEROGA DI CUI ALL'ART. 26, COMMA 7 DEL TUSP CHE LA ESENTA DAGLI OBBLIGHI DI RAZIONALIZZAZIONE
B58: (a): Inserire uno dei progressivi già indicati nelle schede di ricognizione (02.01; 02.02).
B59: (b): Inserire la ragione sociale come indicata nelle schede di ricognizione (02.01; 02.02).
B60: (c): Indicare il tipo di partecipazione distinguendo i casi in cui la società sia partecipata direttamente, indirettamente (tramite altra società/organismo),
B61: ovvero in parte direttamente e in parte indirettamente.
B62: (d): Inserire l'attività svolta come indicata nelle schede di ricognizione (02.01; 02.02).
B63: (e): Inserire il numero medio di dipendenti come da nota integrativa al bilancio.
B64: (f): Inserire la voce B9 del Conto economico.
B65: (g): Inserire il risultato d'esercizio al netto delle imposte.

Sheet 03.02_Condizioni_Art20co.2_cidi
B2: 03. REQUISITI TESTO UNICO DELLE SOCIETÀ A PARTECIPAZIONE PUBBLICA
B3: 03.02. Condizioni art. 20, co. 2
D5: Progressivo società partecipata: | E5: 3 | G5: (a)
D7: Denominazione società partecipata: | E7: CIDIU S.P.A. | G7: (b)
D9: Tipo partecipazione: | E9: Diretta | G9: (c)
D11: Attività svolta: | E11: GESTIONE RIFIUTI SOLIDI URBANI, DALLA RACCOLTA ALLO SMALTIMENTO, NETTEZZA URBANA PER IL TRAMITE DI CIDIU SERVIZI, SERVIZIO IDRICO INTEGRATO ANCHE TRAMITE PARTECIPAZIONI. INTERVENTI DI BNIFICA E RIPRISTINO AMBIENTALI DI SITI INQUINATI. AUTOTRASPORTO DI COSE PER CONTO TERZI CON MEZZI D QUALUQUE PESO E PORTATA. | G11: (d)
B13: Indicare i seguenti dati con riferimento all'esercizio2020:
G14: Importi in euro
B15: Numero medio dipendenti (e) | C15: 18 | F15: Costo del personale (f) | G15: 1176308
B16: Numero amministratori | C16: 3 | F16: Compensi amministratori | G16: 95082
B17: di cui nominati dall'Ente | C17: 0 | D17: =+IF(C17>C16,"Attenzione! Il numero indicato non può essere superiore al numero di amministratori","") | F17: Compensi componenti organo di controllo | G17: 70873
B18: Numero componenti organo di controllo | C18: 3
B19: di cui nominati dall'Ente | C19: 0 | D19: =+IF(C19>C18,"Attenzione! Il numero indicato non può essere superiore al numero di componenti dell'organo di controllo","")
C20: Importi in euro | G20: Importi in euro
B21: RISULTATO D'ESERCIZIO (g) | F21: FATTURATO
B22: 2020 | C22: 27360 | F22: 2020 | G22: 4868375
B23: 2019 | C23: 404569 | F23: 2019 | G23: 5262540
B24: 2018 | C24: 1397729 | F24: 2018 | G24: 4933408
B25: 2017 | C25: 1307217 | F25: FATTURATO MEDIO | G25: =AVERAGE(G22:G24) -> 5021441
B26: 2016 | C26: 757115
B27: 2015 | C27: 673866
B28: 2014 | C28: 243485
B29: 2013 | C29: 783144
B30: 2012 | C30: 567697
B32: Sussistenza delle condizioni di cui all'art. 20, co. 2:
A34: - | B34: La partecipazione societaria non rientra in alcuna delle categorie di cui all'art. 4 (art. 20, co. 2, lett. a)
A36: - | B36: Società priva di dipendenti o con numero di amministratori superiore a quello dei dipendenti (art. 20, co. 2, lett. b)
A38: - | B38: Svolgimento di attività analoghe o similari a quelle svolte da altre società partecipate o da enti pubblici strumentali (art. 20, co. 2, lett. c)
B40: Indicare quali società/enti strumentali:
A43: - | B43: Fatturato medio non superiore a 500.000 euro nel triennio precedente (art. 20, co. 2, lett. d e art. 26, co. 12-quinquies)
A45: - | B45: Perdite in 4 dei 5 esercizi precedenti (per società che non gestiscono un servizio di interesse generale) (art. 20, co. 2, lett. e)
A47: - | B47: Necessità di contenimento dei costi di funzionamento (art. 20, co. 2, lett. f)
A49: - | B49: Necessità di aggregazione con altre società aventi ad oggetto le attività consentite all'art. 4 (art. 20, co. 2, lett. g)
B51: Indicare le motivazioni della sussistenza o meno delle condizioni di cui ai punti precedenti:
B54: Azioni da intraprendere:
B55: NESSUNA AZIONE DA INTRAPRENDERE
B57: (a): Inserire uno dei progressivi già indicati nelle schede di ricognizione (02.01; 02.02).
B58: (b): Inserire la ragione sociale come indicata nelle schede di ricognizione (02.01; 02.02).
B59: (c): Indicare il tipo di partecipazione distinguendo i casi in cui la società sia partecipata direttamente, indirettamente (tramite altra società/organismo),
B60: ovvero in parte direttamente e in parte indirettamente.
B61: (d): Inserire l'attività svolta come indicata nelle schede di ricognizione (02.01; 02.02).
B62: (e): Inserire il numero medio di dipendenti come da nota integrativa al bilancio.
B63: (f): Inserire la voce B9 del Conto economico.
B64: (g): Inserire il risultato d'esercizio al netto delle imposte.

Sheet 03.02_Condizioni_Art20co.2_ cse
B2: 03. REQUISITI TESTO UNICO DELLE SOCIETÀ A PARTECIPAZIONE PUBBLICA
B3: 03.02. Condizioni art. 20, co. 2
D5: Progressivo società partecipata: | E5: Ind_8 | G5: (a)
D7: Denominazione società partecipata: | E7: CIDIU SERVIZI S.P.A. | G7: (b)
D9: Tipo partecipazione: | E9: Indiretta | G9: (c)
D11: Attività svolta: | E11: SERVIZI DI IGIENE AMBIENTALE: RACCOLTA TRASPORTO SMALTIMENTO RIFIUTI E NETTEZZA URBANA | G11: (d)
B13: Indicare i seguenti dati con riferimento all'esercizio 2020:
G14: Importi in euro
B15: Numero medio dipendenti (e) | C15: 424 | F15: Costo del personale (f) | G15: 16899134
B16: Numero amministratori | C16: 3 | F16: Compensi amministratori | G16: 61902
B17: di cui nominati dall'Ente | C17: 0 | D17: =+IF(C17>C16,"Attenzione! Il numero indicato non può essere superiore al numero di amministratori","") | F17: Compensi componenti organo di controllo | G17: 39410
B18: Numero componenti organo di controllo | C18: 3
B19: di cui nominati dall'Ente | C19: 0 | D19: =+IF(C19>C18,"Attenzione! Il numero indicato non può essere superiore al numero di componenti dell'organo di controllo","")
C20: Importi in euro | G20: Importi in euro
B22: RISULTATO D'ESERCIZIO (g) | F22: FATTURATO
B23: 2020 | C23: 683848 | F23: 2020 | G23: 39156623
B24: 2019 | C24: 254474 | F24: 2019 | G24: 39411502
B25: 2018 | C25: 136901 | F25: 2018 | G25: 38564056
B26: 2017 | C26: 423363 | F26: FATTURATO MEDIO | G26: =AVERAGE(G23:G25) -> 39044060
B27: 2016 | C27: 921061
B28: 2015 | C28: 379930
B29: 2014 | C29: 387234
B30: 2013 | C30: 793878
B31: 2012 | C31: 676036
B33: Sussistenza delle condizioni di cui all'art. 20, co. 2:
A35: - | B35: La partecipazione societaria non rientra in alcuna delle categorie di cui all'art. 4 (art. 20, co. 2, lett. a)
A37: - | B37: Società priva di dipendenti o con numero di amministratori superiore a quello dei dipendenti (art. 20, co. 2, lett. b)
A39: - | B39: Svolgimento di attività analoghe o similari a quelle svolte da altre società partecipate o da enti pubblici strumentali (art. 20, co. 2, lett. c)
B41: Indicare quali società/enti strumentali:
A44: - | B44: Fatturato medio non superiore a 500.000 euro nel triennio precedente (art. 20, co. 2, lett. d e art. 26, co. 12-quinquies)
A46: - | B46: Perdite in 4 dei 5 esercizi precedenti (per società che non gestiscono un servizio di interesse generale) (art. 20, co. 2, lett. e)
A48: - | B48: Necessità di contenimento dei costi di funzionamento (art. 20, co. 2, lett. f)
A50: - | B50: Necessità di aggregazione con altre società aventi ad oggetto le attività consentite all'art. 4 (art. 20, co. 2, lett. g)
B52: Indicare le motivazioni della sussistenza o meno delle condizioni di cui ai punti precedenti:
B55: Azioni da intraprendere:
B56: NESSUNA AZIONE DA INTRAPRENDERE
B58: (a): Inserire uno dei progressivi già indicati nelle schede di ricognizione (02.01; 02.02).
B59: (b): Inserire la ragione sociale come indicata nelle schede di ricognizione (02.01; 02.02).
B60: (c): Indicare il tipo di partecipazione distinguendo i casi in cui la società sia partecipata direttamente, indirettamente (tramite altra società/organismo),
B61: ovvero in parte direttamente e in parte indirettamente.
B62: (d): Inserire l'attività svolta come indicata nelle schede di ricognizione (02.01; 02.02).
B63: (e): Inserire il numero medio di dipendenti come da nota integrativa al bilancio.
B64: (f): Inserire la voce B9 del Conto economico.
B65: (g): Inserire il risultato d'esercizio al netto delle imposte.

Sheet 04_Mantenimento
B1: 04. MANTENIMENTO SENZA INTERVENTI DI RAZIONALIZZAZIONE
B4: Progressivo | C4: Denominazione società | D4: Tipo di partecipazione | E4: Attività svolta | F4: % Quota di partecipazione | G4: Motivazioni della scelta
B5: A | C5: B | D5: C | E5: D | F5: E | G5: F
B6: 1 | C6: 07937540016 | D6: SOCIETA' METROPOLITANA ACQUE TORINO S.P.A. | E6: SERVIZIO IDRICO INTEGRATO/GESTIONE DEPURATORE | F6: 0.00021 | G6: I dati inseriti sono da considerare utili solo ai fini della rilevazione ministeriale in quanto smat spa non e' soggetta a rilevazione ai sensi dell'art. 26, comma 5, del d.lgs. 175/2016, avendo adottato entro la data del 30/06/2016 atti volti all'emissione di strumenti finanziari diversi dalle azioni quotati in mercati regolamentari.
B7: 2 | C7: 08239700019 | D7: ZONA OVEST TORINO S.R.L. | E7: LA SOCIETÀ HA PER OGGETTO LO SVOLGIMENTO DI ATTIVITÀ VOLTE IN PARTICOLARE ALLA PROMOZIONE ED ALLO SVILUPPO SOCIALE, ECONOMICO ED INFRASTRUTTURALE DELLA ZONA OVEST DI TORINO, ATTRAVERSO LA REALIZZAZIONE DI PROGETTI SERVIZI DI INTERESSE GENERALE ED INIZIATIVE DI FINANZIAMENTO PUBBLICO E PRIVATO, NONCHÉ ULTERIORI ACCORDI DI PROGRAMMAZIONE NEGOZIATA E DI PARTENARIATO PUBBLICO-PRIVATO. | F7: 4.98 | G7: La società sin dalla sua istituzione ha svolto un compito teso allo sviluppo economico e alla promozione del territorio utilizzando le risorse messe a disposizione del Ministero dell'Economia per i patti territoriali. Queste, tuttavia, sono andate grandemente scemando nel corso degli anni e la necessità di dare impulso alla società per accrescerne il ruolo di sostegno e sviluppo del territorio, con compito di cogliere opportunità e finanziamenti derivanti dall'Unione Europea o da altri Enti, appare, nella perdurante situazione di crisi economica del territorio, di tutta evidenza. Solo tale condizione può giustificare la persistenza della società ed escludere l'alternativa di un processo di riorganizzazione degli organi amministrativi e di controllo, ai fini del contenimento dei costi di funzionamento, come richiesto dall'art. 20, comma 2, lett f) del D.Lgs. 175/2016. Il proseguimento dell’attività connessa ai patti territoriali, di cui al decreto 30 novembre 2020 del ministero dello sviluppo economico di concerto con il ministero dell'economia e delle finanze, consente il mantenimento della società zona ovest di torno s.r.l. in quanto si rende nuovamente efficace la deroga di cui all'art. 26, comma 7 del tusp che la esenta dagli obblighi di razionalizzazione
B8: 3 | C8: 08683840014 | D8: CIDIU S.P.A. | E8: GESTIONE RIFIUTI SOLIDI URBANI, DALLA RACCOLTA ALLO SMALTIMENTO, NETTEZZA URBANA PER IL TRAMITE DI CIDIU SERVIZI, SERVIZIO IDRICO INTEGRATO ANCHE TRAMITE PARTECIPAZIONI. INTERVENTI DI BNIFICA E RIPRISTINO AMBIENTALI DI SITI INQUINATI. AUTOTRASPORTO DI COSE PER CONTO TERZI CON MEZZI D QUALUQUE PESO E PORTATA. | F8: 1.827 | G8: Malgrado la particolare complessità della gestione del ciclo dei rifiuti e la volontà del legislatore regionale di tenere distinta la proprietà degli impianti dalla gestione del servizio con conseguente necessità di costituire due distinte società, è innegabile che CIDIU Spa e CIDIU Servizi Spa svolgono un imprescindibile ruolo non altrimenti sostituibile. La società CIDIU Spa opera come importante tramite tra i Comuni soci e la società CIDIU Servizi Spa che gestisce la raccolta dei rifiuti urbani e assimilati, detiene la proprietà di due discariche esaurite e ha rilasciato le garanzie previste dalla legge a favore della Provincia di Torino per la post-gestione, che andrà a scadere, rispettivamente, nel 2018 e nel 2023. La società CIDIU Servizi è la società operativa, dotata di mezzi e risorse umane per lo svolgimento del servizio di raccolta, trasporto e smaltimento dei rifiuti su tutto il territorio dei Comuni soci. Nelle suesposte ragioni si ravvisano i motivi del mantenimento delle suddette società
B9: 1 | C9: 060877720014 | D9: RISORSE IDRICHE S.P.A. | E9: ENGINEERING | F9: 0.00019 | G9: I dati della suddetta società non rilevano ai fini della revisione delle società partecipate in quanto societa' posseduta indirettamente per tramite di SMAT SPA non soggetta a rilevazione ai sensi dell'art. 26, comma 5, del d.lgs. 175/2016, avendo adottato entro la data del 30/06/2016 atti volti all'emissione di strumenti finanziari diversi dalle azioni quotati in mercati regolamentari.
B10: 2 | C10: 09909860018 | D10: AIDA AMBIENTE S.R.L. | E10: SERVIZIO IDRICO INTEGRATO/GESTIONE DEPURATORE | F10: 0.00011 | G10: I dati della suddetta società non rilevano ai fini della revisione delle società partecipate in quanto societa' posseduta indirettamente per tramite di SMAT SPA non soggetta a rilevazione ai sensi dell'art. 26, comma 5, del d.lgs. 175/2016, avendo adottato entro la data del 30/06/2016 atti volti all'emissione di strumenti finanziari diversi dalle azioni quotati in mercati regolamentari.
B11: 3 | C11: 08448160013 | D11: NORD OVEST SERVIZI S.P.A. | E11: HOLDING | F11: 2e-05 | G11: I dati della suddetta società non rilevano ai fini della revisione delle società partecipate in quanto societa' posseduta indirettamente per tramite di SMAT SPA non soggetta a rilevazione ai sensi dell'art. 26, comma 5, del d.lgs. 175/2016, avendo adottato entro la data del 30/06/2016 atti volti all'emissione di strumenti finanziari diversi dalle azioni quotati in mercati regolamentari.
B12: 4 | C12: 02778560041 | D12: MONDO ACQUA S.P.A. | E12: SERVIZIO IDRICO INTEGRATO | F12: 1e-05 | G12: I dati della suddetta società non rilevano ai fini della revisione delle società partecipate in quanto societa' posseduta indirettamente per tramite di SMAT SPA non soggetta a rilevazione ai sensi dell'art. 26, comma 5, del d.lgs. 175/2016, avendo adottato entro la data del 30/06/2016 atti volti all'emissione di strumenti finanziari diversi dalle azioni quotati in mercati regolamentari.
B13: 5 | C13: 07154400019 | D13: ENVIRONMENT PARK S.P.A. | E13: ATTIVITA' STRUMENTALI RELATIVE AL SERVIZIO IDRICO INTEGRATO (ATTIVITA' DI RICERCA FINALIZZATA ALLO SVILUPPO SOSTENIBILE) | F13: 7.1e-06 | G13: I dati della suddetta società non rilevano ai fini della revisione delle società partecipate in quanto societa' posseduta indirettamente per tramite di SMAT SPA non soggetta a rilevazione ai sensi dell'art. 26, comma 5, del d.lgs. 175/2016, avendo adottato entro la data del 30/06/2016 atti volti all'emissione di strumenti finanziari diversi dalle azioni quotati in mercati regolamentari.
B14: 6 | C14: 01985420023 | D14: S.I.I S.P.A. | E14: SERVIZIO IDRICO INTEGRATO | F14: 4e-05 | G14: I dati della suddetta società non rilevano ai fini della revisione delle società partecipate in quanto societa' posseduta indirettamente per tramite di SMAT SPA non soggetta a rilevazione ai sensi dell'art. 26, comma 5, del d.lgs. 175/2016, avendo adottato entro la data del 30/06/2016 atti volti all'emissione di strumenti finanziari diversi dalle azioni quotati in mercati regolamentari.
B15: 7 | C15: 11575990012 | D15: UTILITY ALLIANCE DEL PIEMONTE | E15: SERVIZIO IDRICO INTEGRATO | F15: 1.5e-05 | G15: I dati della suddetta società non rilevano ai fini della revisione delle società partecipate in quanto societa' posseduta indirettamente per tramite di SMAT SPA non soggetta a rilevazione ai sensi dell'art. 26, comma 5, del d.lgs. 175/2016, avendo adottato entro la data del 30/06/2016 atti volti all'emissione di strumenti finanziari diversi dalle azioni quotati in mercati regolamentari.
B16: 8 | C16: 06756810013 | D16: CIDIU SERVIZI S.P.A. | E16: SERVIZI DI IGIENE AMBIENTALE: RACCOLTA TRASPORTO SMALTIMENTO RIFIUTI E NETTEZZA URBANA | F16: 1.827 | G16: Malgrado la particolare complessità della gestione del ciclo dei rifiuti e la volontà del legislatore regionale di tenere distinta la proprietà degli impianti dalla gestione del servizio con conseguente necessità di costituire due distinte società, è innegabile che CIDIU Spa e CIDIU Servizi Spa svolgono un imprescindibile ruolo non altrimenti sostituibile.
B17: 9 | C17: 07937540016 | D17: SOCIETA' METROPOLITANA ACQUE TORINO S.P.A. | E17: SERVIZIO IDRICO INTEGRATO/GESTIONE DEPURATORE | F17: 0.19 | G17: I dati inseriti sono da considerare utili solo ai fini della rilevazione ministeriale in quanto smat spa non e' soggetta a rilevazione ai sensi dell'art. 26, comma 5, del d.lgs. 175/2016, avendo adottato entro la data del 30/06/2016 atti volti all'emissione di strumenti finanziari diversi dalle azioni quotati in mercati regolamentari.
B19: Colonna A: Inserire uno dei progressivi indicati nelle schede di ricognizione (02.01; 02.02).
B20: Colonna B: Inserire la ragione sociale come indicata nelle schede di ricognizione (02.01; 02.02).
B21: Colonna C: Indicare il tipo di partecipazione distinguendo i casi in cui la società sia partecipata direttamente, indirettamente (tramite altra società/organismo),
B22: oppure in parte direttamente e in parte indirettamente.
B23: Colonna D: Inserire l'attività svolta come indicata nelle schede di ricognizione (02.01; 02.02).
B24: Colonna E: Inserire la quota complessiva di partecipazione dell'Amministrazione, sommando le quote dirette (02.01 colonna E) e indirette (02.02 colonna G).
B25: Colonna F: Indicare, ai sensi dell'art. 24 co. 1, la/le motivazioni della scelta di mantenimento della partecipazione senza alcun intervento di razionalizzazione.
B26: Allo scopo, specificare la sussistenza dei requisiti indicati dalla scheda 03.01 (stretta necessarietà della società alle finalità dell'ente e svolgimento da parte della
B27: medesima di una delle attività consentite dall'art. 4). In caso di attività inerenti ai servizi pubblici locali, esplicitare le ragioni della convenienza economica
B28: dell'erogazione del servizio mediante la società anzichè in forme alternative (gestione diretta, azienda speciale, ecc.) e della sostenibilità della scelta in termini di
B29: costo-opportunità per l'ente. Con riferimento alle condizioni di cui alla scheda 03.02, dichiarare espressamente che non ricorrono le condizioni ivi indicate e darne
B30: motivazione. In relazione ai servizi pubblici a rete di rilevanza economica, dare dimostrazione della non necessarietà di operazioni di aggregazione con altre società
B31: operanti nello stesso settore e del fatto che la società svolge servizi non compresi tra quelli da affidare per il tramite dell'Ente di Governo d'Ambito.

Sheet 05.01_Azioni_Contenimento_Costi
B2: 05. AZIONI DI RAZIONALIZZAZIONE
B3: 05.01. Contenimento costi
C6: Progressivo società partecipata: | E6: (a) | G6: Quota di partecipazione detenuta: | I6: (b)
C8: Denominazione società partecipata: | I8: (c)
C10: Tipo partecipazione: | E10: (d)
C12: Attività svolta: | H12: (e)
B14: Descrivere gli interventi di contenimento programmati:
B17: Indicare le motivazioni:
B20: Indicare le modalità di attuazione:
B23: Indicare i tempi stimati:
B26: Indicare una stima dei risparmi attesi:
B29: (a): Inserire uno dei progressivi già indicati nelle schede di ricognizione (02.01; 02.02).
B30: (b): Inserire la quota complessiva di partecipazione dell'Amministrazione, sommando le quote dirette (02.01 colonna E) e indirette (02.02 colonna G).
B31: (c): Inserire la ragione sociale come indicata nelle schede di ricognizione (02.01; 02.02).
B32: (d): Indicare il tipo di partecipazione distinguendo i casi in cui la società sia partecipata direttamente, indirettamente (tramite altra società/organismo),
B33: ovvero in parte direttamente e in parte indirettamente.
B34: (e): Inserire l'attività come indicata nelle schede di ricognizione (02.01; 02.02).

Sheet 05.02_Azioni_Cessione
B2: 05. AZIONI DI RAZIONALIZZAZIONE
B3: 05.02. Cessione/Alienazione quote
C6: Progressivo società partecipata: | E6: (a) | G6: Quota di partecipazione detenuta: | I6: (b)
C8: Denominazione società partecipata: | E8: (c) | F8: Quota di partecipazione da cedere/alienare: | I8: (d)
C10: Tipo partecipazione: | G10: (e)
C12: Attività svolta: | I12: (f)
B14: Selezionare le motivazioni della scelta:
I15: (g)
B17: In caso di scelta dell'opzione "altro", specificare:
B20: Fornire ulteriori dettagli sulle motivazioni della scelta:
B23: Indicare le modalità di attuazione della cessione/alienazione:
B26: Indicare i tempi stimati per il perfezionamento della cessione/alienazione:
B29: Indicare una stima dei risparmi attesi:
B32: (a): Inserire uno dei progressivi già indicati nelle schede di ricognizione (02.01; 02.02).
B33: (b): Inserire la quota complessiva di partecipazione dell'Amministrazione, sommando le quote dirette (02.01 colonna E) e indirette (02.02 colonna G).
B34: (c): Inserire la ragione sociale come indicata nelle schede di ricognizione (02.01; 02.02).
B35: (d): Inserire la quota di partecipazione che si intende cedere/alienare.
B36: (e): Indicare il tipo di partecipazione distinguendo i casi in cui la società sia partecipata direttamente, indirettamente (tramite altra società/organismo),
B37: ovvero in parte direttamente e in parte indirettamente.
B38: (f): Inserire l'attività svolta come indicata nelle schede di ricognizione (02.01; 02.02).
B39: (g): Vedi scheda 06. "Appendice_motivazioni".
O43: ELENCO OPZIONI MOTIVAZIONI
O44: Internalizzazione delle attività svolte dalla società
O45: Scelta di gestione del servizio in forma alternativa
O46: Intervenuta modifica nella gestione/amministrazione della società, non condivisa dall’Ente
O47: Società inattiva o non più operativa
O48: Società non indispensabile per il perseguimento delle finalità dell'Ente
O49: Società composta da soli amministratori o con numero dipendenti inferiore al numero amministratori
O50: Società con fatturato medio inferiore a 500.000 euro nel triennio precedente
O51: Perdite reiterate
O52: Carenza persistente di liquidità
O53: Società con oggetto analogo o similare ad altri organismi partecipati dall'Ente
O54: Altro (specificare)

Sheet 05.03_Azioni_Liquidazione
B2: 05. AZIONI DI RAZIONALIZZAZIONE
B3: 05.03. Liquidazione
C6: Progressivo società partecipata: | E6: (a) | G6: Quota di partecipazione detenuta: | I6: (b)
C8: Denominazione società partecipata: | I8: (c)
C10: Tipo partecipazione: | E10: (d)
C12: Attività svolta: | H12: (e)
B14: Selezionare le motivazioni della scelta:
I15: (f)
B17: In caso di scelta dell'opzione "altro", specificare:
B20: Fornire ulteriori dettagli sulle motivazioni della scelta:
B23: Indicare le modalità di attuazione della liquidazione:
B26: Indicare i tempi stimati per la conclusione della procedura:
B29: Indicare una stima dei risparmi attesi:
B32: (a): Inserire uno dei progressivi già indicati nelle schede di ricognizione (02.01; 02.02).
B33: (b): Inserire la quota complessiva di partecipazione dell'Amministrazione, sommando le quote dirette (02.01 colonna E) e indirette (02.02 colonna G).
B34: (c): Inserire la ragione sociale come indicata nelle schede di ricognizione (02.01; 02.02).
B35: (d): Indicare il tipo di partecipazione distinguendo i casi in cui la società sia partecipata direttamente, indirettamente (tramite altra società/organismo),
B36: ovvero in parte direttamente e in parte indirettamente.
B37: (e): Inserire l'attività come indicata nelle schede di ricognizione (02.01; 02.02).
B38: (f): Vedi scheda 06. "Appendice_motivazioni".
O42: ELENCO OPZIONI MOTIVAZIONI
O43: Internalizzazione delle attività svolte dalla società
O44: Scelta di gestione del servizio in forma alternativa
O45: Intervenuta modifica nella gestione/amministrazione della società, non condivisa dall’Ente
O46: Società inattiva o non più operativa
O47: Società non indispensabile per il perseguimento delle finalità dell'Ente
O48: Società composta da soli amministratori o con numero dipendenti inferiore al numero amministratori
O49: Società con fatturato medio inferiore a 500.000 euro nel triennio precedente
O50: Perdite reiterate
O51: Carenza persistente di liquidità
O52: Società con oggetto analogo o similare ad altri organismi partecipati dall'Ente
O53: Altro (specificare)

Sheet 05.04_Azioni_Fusione
B2: 05. AZIONI DI RAZIONALIZZAZIONE
B3: 05.04. Fusione/Incorporazione
C6: Progressivo società partecipata: | E6: (a) | G6: Quota di partecipazione detenuta: | I6: (b)
C8: Denominazione società partecipata: | I8: (c)
C10: Tipo partecipazione: | E10: (d)
C12: Attività svolta: | I12: (e)
B14: Selezionare le motivazioni della scelta:
I15: (f)
B17: In caso di scelta dell'opzione "altro", specificare:
B20: Fornire ulteriori dettagli sulle motivazioni della scelta:
B23: Indicare le modalità di attuazione dell'operazione straordinaria:
B26: Indicare i tempi stimati per il perfezionamento dell'operazione:
B29: Indicare una stima dei risparmi attesi:
B32: (a): Inserire uno dei progressivi già indicati nelle schede di ricognizione (02.01; 02.02).
B33: (b): Inserire la quota complessiva di partecipazione dell'Amministrazione, sommando le quote dirette (02.01 colonna E) e indirette (02.02 colonna G).
B34: (c): Inserire la ragione sociale come indicata nelle schede di ricognizione (02.01; 02.02).
B35: (d): Indicare il tipo di partecipazione distinguendo i casi in cui la società sia partecipata direttamente, indirettamente (tramite altra società/organismo),
B36: ovvero in parte direttamente e in parte indirettamente.
B37: (e): Inserire l'attività come indicata nelle schede di ricognizione (02.01; 02.02).
B38: (f): Vedi scheda 06. "Appendice_motivazioni".
O43: ELENCO OPZIONI MOTIVAZIONI
O44: Svolgimento di attività complementari o analoghe a quelle coinvolte nel progetto di fusione/incorporazione
O45: Aggregazione di società di servizi pubblici locali a rilevanza economica
O46: Riduzione/contenimento dei costi di funzionamento (compresi quelli degli amministratori e organi di revisione interna) o dei costi di produzione di beni e servizi
O47: Compensazione di eventuali squilibri finanziari e/o economici preesistenti alla fusione/incorporazione
O48: Realizzazione di economie di scala e di altre sinergie per l'integrazione di fasi consecutive della produzione di beni e servizi e/o migliore utilizzo degli impianti, delle attrezzature e del know how in uso
O49: Altro (specificare)

Sheet 05.05_Riepilogo
B1: 05. AZIONI DI RAZIONALIZZAZIONE
B2: 05.05. Riepilogo
B4: Azione di razionalizzazione | C4: Progressivo | D4: Denominazione società | E4: % Quota di partecipazione | F4: Tempi di realizzazione degli interventi | G4: Risparmi attesi (importo)
B5: Contenimento dei costi
B8: Cessione/Alienazione quote
B11: Liquidazione
B14: Fusione/Incorporazione
J23: Elenco progressivi partecipate dirette | K23: Elenco progressivi partecipate indirette
J24: =+#REF! -> #REF! | K24: =+'02.02_Ricognizione_Indirette'!B6 -> 1
J25: =+C5 -> 0 | K25: =+'02.02_Ricognizione_Indirette'!B7 -> 2
J26: =+C7 -> 0 | K26: =+'02.02_ricognizione_indirette'!#ref! -> #VALUE!
J27: =+C8 -> 0 | K27: =+'02.02_Ricognizione_Indirette'!B12 -> 7
J28: =+C10 -> 0 | K28: =+'02.02_Ricognizione_Indirette'!B14 -> 9
J29: =+C11 -> 0 | K29: =+'02.02_Ricognizione_Indirette'!B15 -> 0
J30: =+C13 -> 0 | K30: =+'02.02_Ricognizione_Indirette'!B22 -> Colonna G: indicare una unica quota di partecipazione (comprensiva di decimali) determinata in proporzione alla quote di partecipazione dei livelli precedenti.
J31: =+C14 -> 0 | K31: =+'02.02_Ricognizione_Indirette'!B30 -> 0
J32: =+C16 -> 0 | K32: =+'02.02_Ricognizione_Indirette'!B31 -> 0
J33: =+#REF! -> #REF! | K33: =+'02.02_Ricognizione_Indirette'!B32 -> 0
J34: =+#REF! -> #REF! | K34: =+'02.02_Ricognizione_Indirette'!B33 -> 0
J35: =+#REF! -> #REF! | K35: =+'02.02_Ricognizione_Indirette'!B34 -> 0
J36: =+#REF! -> #REF! | K36: =+'02.02_Ricognizione_Indirette'!B35 -> 0
J37: =+#REF! -> #REF! | K37: =+'02.02_Ricognizione_Indirette'!B36 -> 0
J38: =+C17 -> 0 | K38: =+'02.02_Ricognizione_Indirette'!B37 -> 0
J39: =+C18 -> 0 | K39: =+'02.02_Ricognizione_Indirette'!B38 -> 0
J40: =+C19 -> 0 | K40: =+'02.02_Ricognizione_Indirette'!B39 -> 0
J41: =+C20 -> 0 | K41: =+'02.02_Ricognizione_Indirette'!B40 -> 0
J42: =+C21 -> 0 | K42: =+'02.02_Ricognizione_Indirette'!B41 -> 0
J43: =+C22 -> 0 | K43: =+'02.02_Ricognizione_Indirette'!B42 -> 0
J44: =+C23 -> 0 | K44: =+'02.02_Ricognizione_Indirette'!B43 -> 0
J45: =+C24 -> 0 | K45: =+'02.02_Ricognizione_Indirette'!B44 -> 0
J46: =+C25 -> 0 | K46: =+'02.02_Ricognizione_Indirette'!B45 -> 0
J47: =+C26 -> 0 | K47: =+'02.02_Ricognizione_Indirette'!B46 -> 0
J48: =+C27 -> 0 | K48: =+'02.02_Ricognizione_Indirette'!B47 -> 0
J49: =+C28 -> 0 | K49: =+'02.02_Ricognizione_Indirette'!B48 -> 0
... J64: =+C43 -> 0 | K64: =+'02.02_Ricognizione_Indirette'!B63 -> 0
H65: SI | I65: 2017
H66: NO | I66: =+I65-1 -> 2016
I67: =+I66-1 -> 2015
I68: =+I67-1 -> 2014
I69: =+I68-1 -> 2013
I70: =+I69-1 -> 2012
I71: =+I70-1 -> 2011
I72: =+I71-1 -> 2010
I73: =+I72-1 -> 2009
I74: =+I73-1 -> 2008
I75: =+I74-1 -> 2007
I76: =+I75-1 -> 2006
I77: =+I76-1 -> 2005
I78: =+I77-1 -> 2004
... I234: =+I233-1 -> 1848

Sheet 06._Elenco_motivazioni
B1: 06. ELENCO MOTIVAZIONI SCHEDE 05.02, 05.03 E 05.04
B3: Scheda 05.02: | D3: Cessione/Alienazione quote
D4: Nella "cella" relativa alla selezione delle motivazioni della scelta, dal menù a tendina
D5: è possibile scegliere tra le seguenti opzioni:
C7: - | D7: Internalizzazione delle attività svolte dalla società
C8: - | D8: Scelta di gestione del servizio in forma alternativa
C9: - | D9: Intervenuta modifica nella gestione/amministrazione della società, non condivisa dall’Ente
C10: - | D10: Società inattiva o non più operativa
C11: - | D11: Società non indispensabile per il perseguimento delle finalità dell'Ente
C12: - | D12: Società composta da soli amministratori o con numero dipendenti inferiore al numero amministratori
C13: - | D13: Società con fatturato medio inferiore a 500 mila euro nel triennio precedente
C14: - | D14: Perdite reiterate
C15: - | D15: Carenza persistente di liquidità
C16: - | D16: Società con oggetto analogo o similare ad altri organismi partecipati dall'Ente
C17: - | D17: Altro (specificare)
B19: Scheda 05.03: | D19: Liquidazione
D20: Nella "cella" relativa alla selezione delle motivazioni della scelta, dal menù a tendina
D21: è possibile scegliere tra le seguenti opzioni:
C23: - | D23: Internalizzazione delle attività svolte dalla società
C24: - | D24: Scelta di gestione del servizio in forma alternativa
C25: - | D25: Intervenuta modifica nella gestione/amministrazione della società, non condivisa dall’Ente
C26: - | D26: Società inattiva o non più operativa
C27: - | D27: Società non indispensabile per il perseguimento delle finalità dell'Ente
C28: - | D28: Società composta da soli amministratori o con numero dipendenti inferiore al numero amministratori
C29: - | D29: Società con fatturato medio inferiore a 500 mila euro euro nel triennio precedente
C30: - | D30: Perdite reiterate
C31: - | D31: Carenza persistente di liquidità
C32: - | D32: Società con oggetto analogo o similare ad altri organismi partecipati dall'Ente
C33: - | D33: Altro (specificare)
B35: Scheda 05.04: | D35: Fusione/Incorporazione
D36: Nella "cella" relativa alla selezione delle motivazioni della scelta, dal menù a tendina
D37: è possibile scegliere tra le seguenti opzioni:
C39: - | D39: Svolgimento di attività complementari o analoghe a quelle coinvolte nel progetto di fusione/incorporazione
C40: - | D40: Aggregazione di società di servizi pubblici locali a rilevanza economica
C41: - | D41: Riduzione/contenimento dei costi di funzionamento (compresi quelli degli amministratori e organi
D42: di revisione interna) o dei costi di produzione di beni e servizi
C43: - | D43: Compensazione di eventuali squilibri finanziari e/o economici preesistenti alla fusione/incorporazione
C44: - | D44: Realizzazione di economie di scala e di altre sinergie per l'integrazione di fasi consecutive della produzione
D45: di beni e servizi e/o migliore utilizzo degli impianti, delle attrezzature e del know how in uso
C46: - | D46: Altro (specificare)
